 Dungeon Crawl Stone Soup version 0.31.0-11-ge490571c62 (webtiles) character file.

Game seed: 16636616687399479732

2153787 PAMOHbI411 the Worldbinder (level 27, 200/200 (201) HPs)
             Began as a Vampire Enchanter on Jan 27, 2024.
             Was the Champion of Hepliaklqana.
             Escaped with the Orb
             ... and 4 runes on Jan 28, 2024!
             The game lasted 04:09:45 (82178 turns).

PAMOHbI411 the Worldbinder (Vampire Enchanter)     Turns: 82178, Time: 04:09:46

HP:   200/200 (201) AC: 19    Str:  7    XL:     27
MP:   47/47         EV: 22    Int: 36    God:    Hepliaklqana [******]
Gold: 3712          SH:  0    Dex: 10    Spells: 6/66 levels left

rFire   + + +        d - +8 quick blade (elec) {rare}
rCold   + + +        v - orb {guile}
rNeg    + . .        c - +6 acid dragon scales
rPois   +            Y - +0 hat of the Sailor {rF+ Int+3 Dex-5 SInv}
rElec   +            S - +1 cloak of Ketoofic {rN+ Will+}
rCorr   +            N - +2 pair of gloves {Stlth+}
SInv    +            u - -1 pair of boots of Imperfection {rC++ Will+}
Will    ++...        D - amulet "Pisicrud" {RegenMP rC+ Str+3 Int+2}
Stlth   +++          q - ring of Disaster {rElec rF++ EV+5 Str-3 Slay+2}
HPRegen 0.73/turn    P - ring of poison resistance
MPRegen 0.70/turn

%: no passive effects
@: healing quickly, studying Long Blades, lightly drained
A: reduced essence, alive, fangs 3, see invisible, vampiric 2, deformed body,
electricity resistance
0: Orb of Zot
}: 4/15 runes: barnacled, slimy, silver, gossamer
a: Exsanguinate, Renounce Religion, Recall Ancestor, Ancestor Identity,
Transference, Idealise


You escaped.
You worshipped Hepliaklqana.
Hepliaklqana was exalted by your worship.
You visited 12 branches of the dungeon, and saw 56 of its levels.
You visited the Abyss 1 time.
You also visited: Trove, Ossuary, Gauntlet, Wizlab and Desolation.

You collected 7822 gold pieces.
You spent 4110 gold pieces at shops.


Innate Abilities, Weirdness & Mutations

Your life essence is reduced to manifest your ancestor. (-10% HP)
Your natural rate of healing is accelerated.
You have razor-sharp teeth.
You have supernaturally acute eyesight. (SInv)
You are afflicted with vampirism and can become a bat while bloodless.
Armour fits poorly on your strangely shaped body.
You are resistant to electric shocks. (rElec)


   Skills:
 - Level 20.0 Fighting
 - Level 10.0 Short Blades
 + Level 14.1 Armour
 - Level 20.0 Dodging
 - Level 20.0 Stealth
 - Level 5.0 Shields
 - Level 20.0 Spellcasting
 - Level 20.0 Hexes
 - Level 24.0 Summonings
 - Level 10.0 Translocations
 - Level 4.0 Invocations
 - Level 16.0 Shapeshifting


You had 6 spell levels left.
You knew the following spells:

 Your Spells              Type           Power      Damage    Failure   Level
b - Blink                 Tloc           100%       N/A       1%          2
d - Dragon's Call         Summ           59%        N/A       7%          9
g - Malign Gateway        Summ/Tloc      51%        N/A       1%          7
h - Summon Horrible Thin  Summ           59%        N/A       1%          8
m - Summon Mana Viper     Hex/Summ       100%       N/A       0%          5
s - Summon Forest         Summ/Tloc      51%        N/A       1%          5
y - Yara's Violent Unrav  Hex/Alch       41%        3d16      1%          5
D - Discord               Hex            55%        N/A       2%          8
X - Enfeeble              Hex            55%        N/A       1%          7
Y - Anguish               Hex/Necr       41%        N/A       1%          4

Your spell library contained the following spells:

 Spells                   Type           Power      Damage    Failure   Level
 Slow                     Hex            100%       N/A       0%          1
 Summon Small Mammal      Summ           100%       N/A       0%          1
 Call Imp                 Summ           100%       N/A       0%          2
 Jinxbite                 Hex            100%       N/A       0%          2
 Call Canine Familiar     Summ           100%       N/A       0%          3
 Confusing Touch          Hex            100%       N/A       0%          3
 Sigil of Binding         Hex            100%       N/A       0%          3
 Tukima's Dance           Hex            100%       N/A       0%          3
 Cause Fear               Hex            55%        N/A       0%          4
 Summon Cactus Giant      Summ           59%        N/A       0%          6
 Apportation              Tloc           100%       N/A       1%          1
 Freeze                   Ice            100%       1d10      1%          1
 Kiss of Death            Conj/Necr      100%       2d13      1%          1
 Magic Dart               Conj           100%       1d8       1%          1
 Necrotise                Necr           100%       1d9       1%          1
 Sandblast                Erth           72%        2d16      1%          1
 Shock                    Conj/Air       100%       1d9       1%          1
 Sting                    Conj/Alch      100%       1d9       1%          1
 Cigotuvi's Dreadful Rot  Necr/Alch/Air  72%        N/A       1%          2
 Ensorcelled Hibernation  Hex/Ice        100%       N/A       1%          2
 Lesser Beckoning         Tloc           100%       N/A       1%          2
 Momentum Strike          Conj/Tloc      100%       3d10      1%          2
 Searing Ray              Conj           72%        2d7       1%          2
 Static Discharge         Conj/Air       72%        3-6/arc   1%          2
 Sublimation of Blood     Necr           36%        N/A       1%          2
 Dazzling Flash           Conj/Hex       100%       N/A       1%          3
 Gell's Gravitas          Tloc           82%        N/A       1%          3
 Inner Flame              Hex/Fire       82%        N/A       1%          3
 Volatile Blastmotes      Fire/Tloc      100%       2d18      1%          3
 Animate Armour           Summ/Erth      100%       N/A       1%          4
 Dimensional Bullseye     Hex/Tloc       48%        N/A       1%          4
 Iskenderun's Mystic Bla  Conj/Tloc      64%        2d13      1%          4
 Manifold Assault         Tloc           82%        N/A       1%          4
 Martyr's Knell           Necr/Summ      89%        N/A       1%          4
 Passage of Golubria      Tloc           82%        N/A       1%          4
 Summon Blazeheart Golem  Fire/Summ      89%        N/A       1%          4
 Summon Lightning Spire   Summ/Air       89%        N/A       1%          4
 Vhi's Electric Charge    Tloc/Air       100%       N/A       1%          4
 Metabolic Englaciation   Hex/Ice        41%        N/A       1%          5
 Silence                  Hex/Air        41%        N/A       1%          5
 Frozen Ramparts          Ice            72%        1d11      3%          3
 Fugue of the Fallen      Necr           36%        N/A       3%          3
 Hailstorm                Conj/Ice       36%        3d9       3%          3
 Mephitic Cloud           Conj/Alch/Air  36%        N/A       3%          3
 Ozocubu's Armour         Ice            36%        N/A       3%          3
 Passwall                 Erth           36%        N/A       3%          3
 Stone Arrow              Conj/Erth      72%        3d11      3%          3
 Swiftness                Air            36%        N/A       3%          3
 Vampiric Draining        Necr           36%        2d8       3%          3
 Dispersal                Tloc           41%        N/A       3%          6
 Airstrike                Air            18%        2d(3-19)  12%         4
 Brom's Barrelling Bould  Conj/Erth      36%        2d6       12%         4
 Dispel Undead            Necr           36%        3d15      12%         4
 Flame Wave               Conj/Fire      36%        2d10      12%         4
 Fulminant Prism          Conj/Alch      18%        3d10      12%         4
 Ignite Poison            Fire/Alch      36%        N/A       12%         4
 Leda's Liquefaction      Alch/Erth      18%        N/A       12%         4
 Olgreb's Toxic Radiance  Alch           36%        N/A       12%         4
 Petrify                  Alch/Erth      36%        N/A       12%         4
 Sticky Flame             Fire/Alch      36%        2d8       12%         4
 Alistair's Intoxication  Alch           24%        N/A       34%         5
 Arcjolt                  Conj/Air       18%        1d28      34%         5
 Curse of Agony           Necr           36%        N/A       34%         5
 Fireball                 Conj/Fire      18%        3d9       34%         5
 Freezing Cloud           Conj/Ice/Air   18%        6-21      34%         5
 Irradiate                Conj/Alch      18%        3d17      34%         5
 Iskenderun's Battlesphe  Conj           36%        2d9       34%         5
 Lee's Rapid Deconstruct  Erth           18%        3d11*     34%         5
 Bombard                  Conj/Erth      18%        9d4       88%         6
 Conjure Ball Lightning   Conj/Air       18%        3x3d6     88%         6
 Death Channel            Necr           18%        N/A       88%         6
 Plasma Beam              Fire/Air       18%        2x1d29    88%         6
 Sculpt Simulacrum        Ice/Alch       18%        N/A       88%         6
 Starburst                Conj/Fire      18%        6d7       88%         6
 Summon Hydra             Summ           59%        N/A       1%          7
 Haunt                    Necr/Summ      44%        N/A       8%          7
 Disjunction              Tloc           41%        N/A       80%         8
 Orb of Destruction       Conj           18%        9d8       100%        7
 Ozocubu's Refrigeration  Ice            18%        4d11      100%        7
 Ignition                 Fire           18%        3d7       100%        8
 Lehudib's Crystal Spear  Conj/Erth      18%        10d5      100%        8
 Maxwell's Capacitive Co  Air            18%        ∞         100%        8
 Chain Lightning          Conj/Air       18%        3d24      100%        9
 Fire Storm               Conj/Fire      18%        8d5       100%        9
 Polar Vortex             Ice            18%        12d2*     100%        9
 Shatter                  Erth           18%        3d17*     100%        9
 Borgnjor's Revivificati  Necr           Unusable   N/A       N/A         8
 Death's Door             Necr           Unusable   N/A       N/A         9

Inventory:

Hand Weapons
 d - a +8 quick blade of electrocution (weapon) {rare}
   (You acquired it on level 10 of the Dungeon)
 o - the +5 war axe "Gogrid" {heavy, *Slow rElec rC- Dex+7}
   (You found it on level 3 of the Realm of Zot)

   Dex+7:     It affects your dexterity (+7).
   rC-:       It makes you vulnerable to cold.
   rElec:     It insulates you from electricity.
   *Slow:     It may slow you when you take damage.
Missiles
 H - 19 curare-tipped darts {=f}
 X - 14 throwing nets {=f!f}
Armour
 c - +6 acid dragon scales (worn)
   (You found it on level 11 of the Dungeon)
 u - the -1 pair of boots of Imperfection (worn) {rC++ Will+}
   (You acquired it on level 3 of the Crypt)

   rC++:      It greatly protects you from cold.
   Will+:     It increases your willpower.
 v - an orb of guile (worn)
   (You found it on level 1 of the Spider Nest)
 N - a +2 pair of gloves of stealth (worn)
   (You bought it in a shop on level 2 of the Orcish Mines)
 S - the +1 cloak of Ketoofic (worn) {rN+ Will+}
   (You acquired it on level 1 of the Shoals)

   rN+:       It protects you from negative energy.
   Will+:     It increases your willpower.
 Y - the +0 hat of the Sailor (worn) {rF+ Int+3 Dex-5 SInv}
   (You found it on level 4 of the Spider Nest)

   Int+3:     It affects your intelligence (+3).
   Dex-5:     It affects your dexterity (-5).
   rF+:       It protects you from fire.
   SInv:      It lets you see invisible.
Magical Staves
 l - a staff of cold {!a}
   (You found it on level 5 of the Vaults)
 F - the staff of Conformity {rPois rF- rC+ rN++ Ice Earth, !a}
   (You found it on level 5 of the Vaults)

   [staff of cold]

   Base accuracy: +5 Base damage: 5 Base attack delay: 1.2 This weapon's minimum
   attack delay (0.6) is reached at skill level 12.
   rF-:       It makes you vulnerable to fire.
   rC+:       It protects you from cold.
   rPois:     It protects you from poison rN++: It greatly protects you from
   negative energy.
   Ice:       It increases the power of your Ice spells.
   Earth:     It increases the power of your Earth spells.
   It falls into the 'Staves' category.
   It is a one-handed weapon.
Jewellery
 q - the ring of Disaster (left hand) {rElec rF++ EV+5 Str-3 Slay+2}
   (You found it on level 3 of the Depths)

   [ring of evasion]

   EV+5:      It affects your evasion (+5).
   Str-3:     It affects your strength (-3).
   Slay+2:    It affects your accuracy & damage with ranged weapons and melee
   (+2).
   rF++:      It greatly protects you from fire.
   rElec:     It insulates you from electricity.
 A - the ring "Kaedwi" {Fly rF++ Int+2 Dex+4 Stlth-}
   (You found it on level 5 of the Pits of Slime)

   [ring of flight]

   Int+2:     It affects your intelligence (+2).
   Dex+4:     It affects your dexterity (+4).
   rF++:      It greatly protects you from fire.
   Fly:       It grants you flight.
   Stlth-:    It makes you less stealthy.
 C - the ring "Yfeunoat" {Ice rPois Will++}
   (You took it off Josephina on level 4 of the Realm of Zot)

   [ring of ice]

   Ice:       It enhances your ice magic.
   rF-:       It makes you vulnerable to fire.
   rC+:       It protects you from cold.
   rPois:     It protects you from poison Will++: It greatly increases your
   willpower.
 D - the amulet "Pisicrud" (around neck) {RegenMP rC+ Str+3 Int+2}
   (You acquired it on level 2 of the Vaults)

   [amulet of magic regeneration]

   RegenMP:   It increases your rate of magic regeneration.
   Str+3:     It affects your strength (+3).
   Int+2:     It affects your intelligence (+2).
   rC+:       It protects you from cold.
 E - the ring of the Duke {rPois rF+ Dex-5 Slay+4}
   (You found it in a treasure trove)

   [ring of slaying]

   Dex-5:     It affects your dexterity (-5).
   Slay+4:    It affects your accuracy & damage with ranged weapons and melee
   (+4).
   rF+:       It protects you from fire.
   rPois:     It protects you from poison
 M - the ring "Vaasathi" {rF+ MP+9 Str+4}
   (You took it off a vampire knight on level 3 of the Depths)

   [ring of magical power]

   Str+4:     It affects your strength (+4).
   rF+:       It protects you from fire.
   MP+9:      It affects your magic capacity (+9).
 O - the amulet of Mistrust {^Contam Fly rN++ Regen+ Int+3}
   (You found it in the Desolation of Salt)

   [amulet of regeneration]

   Int+3:     It affects your intelligence (+3).
   rN++:      It greatly protects you from negative energy.
   Fly:       It grants you flight.
   ^Contam:   It causes magical contamination when unequipped.
   Regen+:    It increases your rate of health regeneration.
 P - a ring of poison resistance (right hand)
   (You found it on level 1 of the Vaults)
 Q - the amulet of the Imp {Reflect rPois rCorr Str-4 Dex+6 SH+5}
   (You found it in a Gauntlet)

   [amulet of reflection]

   Reflect:   It reflects blocked missile attacks.
   Str-4:     It affects your strength (-4).
   Dex+6:     It affects your dexterity (+6).
   rPois:     It protects you from poison rCorr: It protects you from acid and
   corrosion.
   SH+5:      It affects your SH (+5).
 W - the amulet "Xountes" {RegenMP rCorr}
   (You found it in a treasure trove)

   [amulet of magic regeneration]

   RegenMP:   It increases your rate of magic regeneration.
   rCorr:     It protects you from acid and corrosion.
 Z - a ring of wizardry
   (You found it on level 6 of the Dungeon)
Wands
 f - a wand of quicksilver (14)
   (You found it on level 2 of the Shoals)
 I - a wand of mindburst (6)
   (You found it on level 5 of the Vaults)
 R - a wand of digging (21)
   (You found it on level 1 of the Shoals)
Scrolls
 b - 4 scrolls of amnesia
 e - 7 scrolls of revelation
 g - 9 scrolls of immolation {!r!r}
 h - 7 scrolls of enchant armour
 i - 2 scrolls of silence {!r!r}
 j - 7 scrolls of teleportation {@r4}
 r - 15 scrolls of vulnerability {!r!r}
 w - 4 scrolls of brand weapon
 B - a scroll of blinking {!r}
 G - 5 scrolls of fog
Potions
 a - a potion of cancellation
 k - 6 potions of might
 m - 10 potions of brilliance
 n - 5 potions of berserk rage {!q}
 p - 11 potions of curing {@q1}
 s - 5 potions of mutation {!q}
 t - 7 potions of haste {@q3}
 x - 2 potions of invisibility
 y - 2 potions of resistance
 z - 8 potions of ambrosia
 J - 9 potions of attraction {!q}
 T - 9 potions of enlightenment
 U - 5 potions of heal wounds {@q2}
 V - 7 potions of magic
Miscellaneous
 K - a tin of tremorstones (2/2)
   (You found it on level 4 of the Shoals)
 L - a lightning rod (4/4)
   (You found it in the Desolation of Salt)

Dungeon Overview and Level Annotations

Branches:
Dungeon (15/15)            Temple (1/1) D:5            Lair (5/5) D:9
 Shoals (4/4) Lair:3       Spider (4/4) Lair:2        Slime (5/5) Lair:5
    Orc (2/2) D:12            Elf (3/3) Orc:2        Vaults (5/5) D:14
  Crypt (3/3) Vaults:2       Tomb (0/3) Crypt:3      Depths (4/4) D:15
    Zot (5/5) Depths:4    Ossuary (visited)          WizLab (visited)
Desolation (visited)      Gauntlet (visited)

Altars:
Ashenzari
Cheibriados
Dithmenos
Fedhas
Gozag
Hepliaklqana
Kikubaaqudgha
Makhleb
Nemelex Xobeh
Okawaru
Qazlal
Ru
Sif Muna
Trog
Uskayaw
Vehumet
Wu Jian
Xom
Yredelemnul
Jiyva

Shops:
D:4 :(   D:8 *   D:13 *   Orc:2 [[([   Elf:2 *   Elf:3 (   Shoals:2 [
Vaults:1 *   Depths:1 [   Depths:3 [   Depths:4 [

Portals:
Hell: Depths:1 Depths:2 Depths:3 Depths:4
Abyss: Depths:3
Pandemonium: Depths:2 Depths:3 Depths:4
Ziggurat: Depths:4

Annotations:
Zot:1 2 transporters, exclusion: orange crystal statue, Arcadio's ghost, legendary DjFE; Foery's ghost, veteran MiMo

##.#### #.# ###....## ###
####..### #.## ####..#
........######..### ###.#####
.........#....#...#######........
..........................##.#...
........####################...##
........#............)..#....###
........#.8.8.#+#R#R8.8.#.##.##
........#..8..#.@.#..8..#.##..###
).......#.8.8.#####.8.8.#........
........#...............#.####.#.
#######.###...⌠...⌠...###..†.....
#.# ##....8....####.####... #.#
##.⌠...⌠.##....# #### #.#
##.....###.########## #.#
###'#####.# ###.....
#.#######..###...###...####


You could see the friendly Amurritum the hexer.


Message History

The Ice Fiend's magic leaks into the air.
An Ice Fiend is nearby!
There is a stone staircase leading up here.
You climb upwards.
There is a stone staircase leading down here.
There is a stone staircase leading up here.
Amurritum is recalled.
You start resting.
You start resting.
An Executioner comes into view.
Unknown command.
You climb upwards.
There is a stone staircase leading down here.
A rust devil comes into view.
There is a stone staircase leading up here.
Amurritum gestures wildly while chanting.
The rust devil resists with almost no effort.
You climb upwards.
There is a stone staircase leading down here.
You swap places.
You see here a +0 scale mail.
Things that are here:
a +0 club; a +0 sling A neqoxec comes into view.
You swap places.
Unknown command.
Amurritum gestures at the neqoxec while chanting.
The neqoxec resists with significant effort.
Unknown command.
Amurritum gestures at the neqoxec while chanting.
The neqoxec resists with significant effort.
There is a stone staircase leading up here.
The neqoxec gestures at you. Something gnaws on your mind!
You feel your power leaking away.
You climb upwards.
There is a stone staircase leading down here.
Amurritum is recalled.
You start resting.
Unknown command.
An Orb Guardian comes into view.
Unknown command.
Amurritum hits the Orb Guardian but does no damage.
Amurritum hits the Orb Guardian with a +0 antimagic quick blade!
The Orb Guardian hits Amurritum!
Amurritum hits the Orb Guardian with a +0 antimagic quick blade!!
Amurritum barely misses the Orb Guardian.
The Orb Guardian hits Amurritum!!
Amurritum hits the Orb Guardian with a +0 antimagic quick blade.
Amurritum hits the Orb Guardian with a +0 antimagic quick blade!
Amurritum points at the Orb Guardian and mumbles some strange words.
The Orb Guardian resists with almost no effort.
Unknown command.
The Orb Guardian hits Amurritum. x2
Amurritum completely misses the Orb Guardian.
Amurritum hits the Orb Guardian but does no damage.
There is an open door here.
An Orb Guardian is nearby!
Amurritum hits the Orb Guardian with a +0 antimagic quick blade.
Amurritum barely misses the Orb Guardian.
The Orb Guardian hits Amurritum!!
Amurritum gestures at the Orb Guardian while chanting.
The Orb Guardian resists with almost no effort.
Unknown command.
There is an open door here.
An Orb Guardian is nearby!
There is a stone staircase leading up here.
You can't go down here!
You climb upwards.
There is a stone staircase leading down here.
There is an escape hatch in the ceiling here.
Amurritum is recalled.
A mysterious force pulls you upwards. The hatch slams shut behind you.
You swap places.
There is a stone staircase leading down here.
Unknown command.
A lorocyproca comes into view.
Unknown command.
The lorocyproca is enfeebled!
The lorocyproca hits Amurritum!
Amurritum's magic leaks into the air.
Amurritum hits the lorocyproca but does no damage.
Amurritum closely misses the lorocyproca.
You swap places.
Amurritum's magic is no longer disrupted.
The lorocyproca barely misses you.
You puncture the lorocyproca! You bite the lorocyproca.
You catch the helpless lorocyproca completely off-guard!
You stick the lorocyproca like a pincushion!!!
Amurritum hits the lorocyproca with a +0 antimagic quick blade. x2
You swap places.
The lorocyproca misses you.
You puncture the lorocyproca! You hit the lorocyproca.
Your bite misses the lorocyproca.
Amurritum hits the lorocyproca with a +0 antimagic quick blade.
Amurritum hits the lorocyproca with a +0 antimagic quick blade!
The lorocyproca dies!
No target in view!
There is an open door here.
There is an open door here.
There is a staircase leading out of the dungeon here.
You have escaped!

Skill      XL: |  1  2  3  4  5  6  7  8  9 10 11 12 13 14 15 16 17 18 19 20 21 22 23 24 25 26 27 |
---------------+----------------------------------------------------------------------------------+-----
Stealth        | 5 6 7 8 11 15 16 20 | 20.0
Short Blades   | 2 3 4 5 7 10 | 10.0
Hexes          | 5 7 8 10 16 18 19 20 | 20.0
Spellcasting   | 3 4 5 6 7 10 11 13 14 15 16 18 19 20 | 20.0
Shields        | 1 5 |  5.0
Fighting       | 3 5 8 10 12 14 15 16 18 20 | 20.0
Dodging        | 5 8 10 12 15 16 19 20 | 20.0
Translocations | 2 5 6 8 10 | 10.0
Summonings     | 9 13 14 15 17 18 19 22 24 | 24.0
Armour         | 5 9 10 11 14 | 14.1
Invocations    | 4 |  4.0
Shapeshifting  | 12 16 | 16.0

Action                     |  1- 3 |  4- 6 |  7- 9 | 10-12 | 13-15 | 16-18 | 19-21 | 22-24 | 25-27 || total
---------------------------+-------+-------+-------+-------+-------+-------+-------+-------+-------++-------
  Melee: Dagger            |    83 |    17 |       |       |       |       |       |       |       ||   100
         Bite              |     6 |     5 |    30 |    76 |   224 |   154 |   233 |   386 |   220 ||  1334
         Short sword       |       |    51 |   256 |   243 |       |       |       |       |       ||   550
         Punch             |       |     1 |       |       |       |       |       |       |       ||     1
         Quick blade       |       |       |       |   246 |  1358 |   972 |  1187 |  1776 |  1034 ||  6573
   Cast: Ensorcelled Hiber |    28 |    23 |    47 |   113 |   186 |   160 |   124 |    45 |     4 ||   730
         Confusing Touch   |     1 |     1 |    18 |    31 |    45 |    13 |    10 |     1 |       ||   120
         Dazzling Flash    |       |       |       |    14 |     9 |     5 |       |       |       ||    28
         Enfeeble          |       |       |       |       |       |    86 |    51 |   114 |   124 ||   375
         Summon Mana Viper |       |       |       |       |       |    50 |    59 |    52 |    21 ||   182
         Summon Forest     |       |       |       |       |       |    35 |    48 |    43 |    29 ||   155
         Anguish           |       |       |       |       |       |    11 |    19 |     4 |     1 ||    35
         Yara's Violent Un |       |       |       |       |       |     5 |     2 |     2 |     3 ||    12
         Blink             |       |       |       |       |       |     1 |     1 |       |       ||     2
         Malign Gateway    |       |       |       |       |       |       |     4 |     4 |     4 ||    12
         Summon Horrible T |       |       |       |       |       |       |       |     8 |       ||     8
         Dragon's Call     |       |       |       |       |       |       |       |     3 |     9 ||    12
         Discord           |       |       |       |       |       |       |       |       |    31 ||    31
 Invoke: Recall Ancestor   |       |       |       |     1 |     3 |       |     2 |     4 |    10 ||    20
         Ancestor Life: He |       |       |       |     1 |       |       |       |       |       ||     1
         Transference      |       |       |       |       |     2 |       |       |       |       ||     2
  Evoke: Wand              |       |     9 |     1 |    13 |    26 |     1 |       |       |     1 ||    51
    Use: Potion            |     1 |       |       |     6 |     5 |    11 |    10 |     2 |    15 ||    50
         Scroll            |       |       |       |    19 |    22 |    16 |    13 |    16 |    15 ||   101
   Stab: Sleeping          |    36 |    17 |    43 |    72 |    96 |   108 |    80 |    35 |    15 ||   502
         Confused          |       |     1 |    17 |    31 |    88 |    33 |    67 |    62 |    19 ||   318
         Invisible         |       |       |       |    14 |    16 |    53 |    48 |    96 |    94 ||   321
         Distracted        |       |       |       |     2 |    26 |    13 |    19 |    25 |    11 ||    96
         Paralysed         |       |       |       |       |    40 |    39 |    59 |    61 |    31 ||   230
 Armour: Robe              |    18 |       |       |       |       |       |       |       |       ||    18
         Leather armour    |    28 |    68 |    36 |       |       |     9 |   334 |       |       ||   475
         Steam dragon scal |       |       |    81 |   107 |       |       |       |       |       ||   188
         Acid dragon scale |       |       |       |    99 |   288 |   468 |       |    42 |   384 ||  1281
         Scale mail        |       |       |       |       |    75 |       |    72 |   138 |       ||   285
         Quicksilver drago |       |       |       |       |       |       |       |   155 |       ||   155
         Skin              |       |       |       |       |       |       |       |   458 |       ||   458
  Dodge: Dodged            |    54 |    59 |   152 |   267 |   555 |   732 |   555 |   845 |   416 ||  3635
  Block: Buckler           |       |       |    49 |    98 |   449 |   146 |       |       |       ||   742
         Reflection        |       |       |       |       |    10 |     1 |       |       |       ||    11
         Other             |       |       |       |       |       |     2 |       |       |       ||     2
   Form: Statue            |       |       |       |       |       |       |       |     1 |       ||     1
                           |       |       |       |       |       |       |       |     1 |       ||     1

Levels and vault maps discovered:
D:1:      ncdulo_halloftheorcs, layout_rooms
D:2:      layout_basic
D:3:      layout_loops_ring, elyvilon_altar_5, kennysheep_generic_room_11,
          uniq_terence, uniq_ijyb
D:4:      minmay_chambers_of_twos, layout_cave_pods,
          mainiacjoe_overflow_alcove_1, serial_shops,
          nicolae_shop_rolling_square, shop_fountains, minmay_misc_feat_five
D:5:      layout_layer_cave, nzn_wu_jian_council_hall, zin_treasury,
          minmay_temple_entry_drinking_statues
D:6:      layout_loops_cross, nicolae_fountain_basement, uniq_maggie
D:7:      cheibrodos_barr_body, layout_loops_corners, jmf_multi_god_temple2,
          mainiacjoe_overflow_big_doors, mainiacjoe_ossuary_entry_dusty_tomb,
          uniq_joseph, uniq_pikel
D:8:      layout_loops_ring, grunt_temple_overflow_holy_war, nicolae_evil_shop,
          uniq_jeremiah, uniq_psyche, uniq_grum, uniq_erica
D:9:      layout_cave_pools, nicolae_vehumet_radiance,
          lemuel_zombie_altar_kikubaaqudgha, dpeg_lair_monsters, uniq_maurice
D:10:     layout_rooms, mainiacjoe_overflow_tiny_flanked, lemuel_round_altar,
          makhleb_altar_promises_db
D:11:     layout_rooms, minmay_mirror_moons_of_madness
D:12:     layout_roguey, kennysheep_orc_monster_closet_entryway, minmay_bent
D:13:     layout_basic, serial_shops, shop
D:14:     layout_roguey, hellmonk_vaults_keyhole, serial_curves, eino_curves_02,
          eino_curves_04, nicolae_trove_entry_isolated
D:15:     grunt_enter_depths_hoard, layout_loops_corners,
          hangedman_decor_growths, roderic_cross_of_infinity
Temple:   nicolae_temple_little_seven
Lair:1:   layout_cave_pods, grunt_megastairs_1, infiniplex_staircase_pool_2
Lair:2:   layout_cellular_growth, hellmonk_spider_entry_life_and_decay,
          gauntlet_entry_generic, lemuel_fruit_tree, uniq_gastronok
Lair:3:   layout_gridlike, mainiacjoe_shoals_entry_four_pools,
          beast_lair_carwin_10, grunt_megastairs_5, infiniplex_staircase_pool,
          uniq_nessos
Lair:4:   layout_small_grid, minmay_shattered_shrine, lemuel_fruit_fields
Lair:5:   minmay_lair_end_frog_pond, layout_big_grid, slime_entry_1,
          serial_bayou_shore_b
Shoals:1: cheibrodos_shoals_roost, layout_shoals,
          nicolae_shoals_nymph_descending_staircase
Shoals:2: layout_shoals, serial_shops, nicolae_shop_peninsula,
          nicolae_tricolors, uniq_donald, uniq_ilsuiw
Shoals:3: layout_shoals
Shoals:4: shoals_end_hangedman, layout_shoals, gammafunk_ghost_grave,
          uniq_polyphemus
Spider:1: cheibrodos_spider_silkery, nicolae_spider_twisty_arc_passages
Spider:2: layout_spider_delve
Spider:3: layout_spider_delve
Spider:4: spider_rune_water, drop_trap, einodemon_crawler_minivault,
          uniq_bai_suzhen
Slime:1:  cheibrodos_slime_lost_civilization_10, layout_caves, special_room
          [special_room_jelly]
Slime:2:  layout_caves
Slime:3:  layout_caves, dissolution_awaits
Slime:4:  layout_caves, cheibrodos_slime_lost_civilization_5
Slime:5:  slime_pit_nicolae_block_by_block, uniq_dissolution
Orc:1:    layout_caves
Orc:2:    grunt_orc_community_town_hall, layout_caves,
          grunt_orc_community_big_house_2, grunt_orc_community_big_house_1,
          grunt_orc_community_house_1, grunt_orc_community_house_2,
          grunt_orc_community_house_3, grunt_orc_community_house_2, basic_altar,
          serial_shops, nicolae_shop_tiny_real_fake_doors
Elf:1:    eino_elf_arrival_sip, layout_geoelf_octagon,
          hangedman_corner_corridor, lemuel_upstairs_altar
Elf:2:    nicolae_elf_blades_crystal_corner, layout_gridlike,
          lemuel_statue_altar, monkooky_shop_alliterative
Elf:3:    minmay_elf_hall_x, layout_loops_ring, ebering_ghost_inner_flame,
          serial_shops, nicolae_shop_tiny_glass, minivault_16
Vaults:1: ontoclasm_vaults_gateway, nicolae_vaults_alarming,
          nicolae_vaults_stepped_doors, nicolae_vaults_tangram_2, v_pattern_5,
          nicolae_vaults_trapezoid_2, nicolae_vaults_little_squares_4,
          layout_vaults_chaotic_city, serial_shops, nicolae_shop_drivethru
Vaults:2: minmay_crypt_entry_necro_gods, nicolae_vaults_offset_grid_hallway_3,
          v_misc_17, nicolae_vaults_closet_pinwheel_2,
          nicolae_vaults_network_barrier, nicolae_vaults_three_branches,
          nicolae_vaults_little_ls, nicolae_vaults_weapon_check,
          nicolae_vaults_trapezoid_lopsided_1, ontoclasm_vaults_spin,
          v_alt_pattern_6, layout_vaults_maze
Vaults:3: portal_desolation_entry_nicolae_slug, nicolae_vaults_puzzle_piece,
          v_rooms_6, nicolae_vaults_angled_halls, nicolae_vaults_turnstiles,
          nicolae_vaults_hexular_roomagon, nicolae_vaults_spaceships,
          nicolae_vaults_offset_grid_hallway_2, nicolae_vaults_tangram_2,
          ontoclasm_vaults_misaligned, nicolae_vaults_house_1, serial_ice_h,
          layout_vaults_omnicross
Vaults:4: v_misc_17, nicolae_vaults_yaktaur_gun_rack,
          nicolae_vaults_disjoint_gnomons, ontoclasm_vaults_tryst,
          vaults_mumra_hexcomb, nicolae_vaults_tetromino_T_1, vaults_dpeg_cross,
          nicolae_vaults_tetromino_L_2, ontoclasm_vaults_decontamination,
          layout_vaults_omnigrid, uniq_margery
Vaults:5: serial_shops, uniq_mara, uniq_xtahua
Crypt:1:  layout_gridlike, item_on_display_a, roderic_lattice_octagonal_star
Crypt:2:  layout_chaotic_city, hellmonk_ghost_happy_afterlife, uniq_khufu
Crypt:3:  lightli_unholy_cathedral, layout_chaotic_city,
          nicolae_tomb_entry_unfolded_pyramid_orthogonal,
          infiniplex_enter_wizlab_glasses
Depths:1: layout_honeycomb, lightli_too_deep, lemuel_flamethrower_3,
          minmay_shop_star
Depths:2: minmay_the_grid_triangle_9x9_rhombus_full
          [minmay_the_grid_triangle_9x9_wacky_v,
          minmay_the_grid_triangle_9x9_from_above,
          minmay_the_grid_triangle_9x9_subtriangle,
          minmay_the_grid_triangle_9x9_windchime,
          minmay_the_grid_triangle_9x9_odd_lines,
          minmay_the_grid_triangle_9x9_corruption,
          minmay_the_grid_triangle_9x9_impossible_snake,
          minmay_the_grid_triangle_9x9_prize_schism], layout_cave_pools,
          pan_entry, pf_hell_entry_great_geh, roderic_lattice_a
Depths:3: hangedman_spin_cycle, abyss_entry, pan_entry, hell_entry
Depths:4: evilmike_zot_entry_diamond, layout_long_grid, enter_ziggurat_f,
          rand_demon_pan_entry_8, hell_entry, nicolae_lava_and_water,
          glass_columns_a, nicolae_wooded_promenade
Zot:1:    layout_gridville, nzn_ghost_randoct, regret_index_zotdec_stipple_waver
Zot:2:    layout_gridlike
Zot:3:    layout_misc_corridors, grunt_ministairs_6, drop_trap
Zot:4:    layout_misc_corridors, uniq_josephina
Zot:5:    layout_misc_corridors

Notes
Turn   | Place    | Note
-------+----------+-------------------------------------------
     0 | D:1      | PAMOHbI411 the Vampire Enchanter began the quest for the
                  | Orb.
     0 | D:1      | Reached XP level 1. HP: 13/13 MP: 3/3
    99 | D:1      | Reached XP level 2. HP: 19/19 MP: 5/5
   133 | D:1      | Reached skill level 5 in Stealth
   136 | D:1      | Learned a level 2 spell: Ensorcelled Hibernation
   258 | D:1      | Reached skill level 2 in Short Blades
   728 | D:2      | Gained mutation: You are afflicted with vampirism and can
                  | become a bat while bloodless. [Vampire growth]
   728 | D:2      | Reached XP level 3. HP: 20/24 MP: 3/6
   915 | D:2      | You pick up a book of Party Tricks and begin reading...
   915 | D:2      | You add the spells Apportation, Jinxbite and Alistair's
                  | Intoxication to your library.
  1378 | D:2      | Learned a level 3 spell: Confusing Touch
  1483 | D:2      | Reached skill level 6 in Stealth
  1554 | D:3      | Reached skill level 3 in Short Blades
  1587 | D:3      | Identified the +2 leather armour of Caeczih {*Corrode rElec
                  | rF+}
  1931 | D:3      | Noticed Ijyb
  1942 | D:3      | Killed Ijyb
  1943 | D:3      | Reached XP level 4. HP: 21/30 MP: 1/7
  2120 | D:3      | HP: 3/30 [orc priest/divine providence (10)]
  2212 | D:3      | Noticed Terence
  2220 | D:3      | Killed Terence
  2221 | D:3      | Reached skill level 7 in Stealth
  2221 | D:3      | Reached XP level 5. HP: 35/35 MP: 1/8
  2368 | D:3      | HP: 8/35 [orc/+0 trident (7)]
  2372 | D:3      | Reached skill level 4 in Short Blades
  2596 | D:3      | Identified the +0 ring mail "Iduonis" {Will+}
  2846 | D:4      | Found a blossoming altar of Fedhas.
  2851 | D:4      | You pick up a book of Cantrips and begin reading...
  2851 | D:4      | You add the spells Sting, Necrotise and Summon Small Mammal
                  | to your library.
  2861 | D:4      | Found Coisao's Weapon Emporium.
  3037 | D:4      | You fall into a shaft and drop 1 floor!
  3037 | D:5      | Entered Level 5 of the Dungeon
  3261 | D:4      | Noticed an ogre
  3268 | D:4      | Killed an ogre
  3269 | D:4      | Reached skill level 8 in Stealth
  3269 | D:4      | Reached XP level 6. HP: 41/41 MP: 9/9
  3289 | D:4      | Reached skill level 5 in Hexes
  3363 | D:4      | Reached skill level 5 in Short Blades
  3363 | D:4      | Reached skill level 3 in Spellcasting
  3700 | D:4      | Reached XP level 7. HP: 46/46 MP: 2/11
  3882 | D:4      | Found Zerche's Book Boutique.
  4083 | D:5      | Reached skill level 6 in Hexes
  4094 | D:5      | Found a staircase to the Ecumenical Temple.
  4103 | Temple   | Entered the Ecumenical Temple
  4260 | D:5      | Reached skill level 4 in Spellcasting
  4323 | D:5      | Reached skill level 7 in Hexes
  4530 | D:5      | Found an ornate altar of the Wu Jian Council.
  5275 | D:6      | Reached skill level 1 in Shields
  5285 | D:6      | Noticed a steam dragon
  5402 | D:6      | Noticed a wraith
  5636 | D:6      | Reached XP level 8. HP: 52/52 MP: 9/14
  5660 | D:6      | Reached skill level 2 in Shields
  5660 | D:6      | Reached skill level 8 in Hexes
  5805 | D:6      | Reached skill level 5 in Spellcasting
  5892 | D:6      | Reached skill level 3 in Shields
  6012 | D:6      | Reached skill level 4 in Shields
  6048 | D:6      | Reached skill level 5 in Shields
  6131 | D:6      | Noticed Maggie
  6153 | D:6      | Killed Maggie
  6154 | D:6      | Reached skill level 2 in Fighting
  6154 | D:6      | Reached skill level 3 in Dodging
  6333 | D:7      | Noticed Pikel
  6338 | D:7      | Killed Pikel
  6339 | D:7      | Reached skill level 3 in Fighting
  6339 | D:7      | Reached skill level 5 in Dodging
  6339 | D:7      | Reached XP level 9. HP: 64/64 MP: 13/16
  6461 | D:7      | You pick up a book of Blood and begin reading...
  6461 | D:7      | You add the spells Call Imp, Sublimation of Blood and
                  | Summon Hydra to your library.
  6486 | D:7      | Reached skill level 4 in Fighting
  6497 | D:7      | Noticed Joseph
  6504 | D:7      | Killed Joseph
  6505 | D:7      | Reached skill level 6 in Dodging
  6642 | D:7      | Found a sand-covered staircase.
  6652 | Ossuary  | Entered an ossuary
  6723 | Ossuary  | Reached skill level 5 in Fighting
  6913 | Ossuary  | Reached skill level 7 in Dodging
  7197 | D:7      | Found an iron altar of Okawaru.
  7207 | D:7      | Found a snail-covered altar of Cheibriados.
  7283 | D:7      | Reached skill level 8 in Dodging
  7531 | D:7      | Found a hazy altar of Hepliaklqana.
  7572 | D:7      | Became a worshipper of Hepliaklqana the Forgotten
  7580 | D:7      | Found a sparkling altar of Nemelex Xobeh.
  7644 | D:7      | Reached XP level 10. HP: 74/74 MP: 17/17
  7698 | D:7      | Noticed a manticore
  7704 | D:7      | Reached skill level 9 in Dodging
  7711 | D:7      | Killed a manticore
  7844 | D:7      | Reached skill level 10 in Dodging
  8187 | D:8      | Noticed Psyche
  8203 | D:8      | Killed Psyche
  8371 | D:8      | You pick up a book of Touch and begin reading...
  8371 | D:8      | You add the spells Kiss of Death and Dispel Undead to your
                  | library.
  8550 | D:8      | Found Romungid's Wicked Wares.
  8556 | D:8      | Reached skill level 9 in Stealth
  8599 | D:8      | Noticed Erica
  8616 | D:8      | Killed Erica
  8617 | D:8      | Reached skill level 6 in Short Blades
  8617 | D:8      | Reached skill level 10 in Stealth
  8825 | D:8      | You pick up a book of the Spheres and begin reading...
  8825 | D:8      | You add the spells Brom's Barrelling Boulder, Iskenderun's
                  | Battlesphere, Fireball, Conjure Ball Lightning and Orb of
                  | Destruction to your library.
  8886 | D:8      | Found a basalt altar of Yredelemnul.
  8888 | D:8      | Noticed a profane servitor
  8893 | D:8      | Noticed Jeremiah
  8893 | D:8      | Noticed Grum
  8903 | D:8      | Killed Grum
  8936 | D:8      | Killed Jeremiah
  8937 | D:8      | Reached skill level 7 in Short Blades
  9102 | D:8      | Reached * piety under Hepliaklqana
  9173 | D:8      | Noticed an angel
  9197 | D:9      | Reached skill level 11 in Stealth
  9456 | D:9      | Reached XP level 11. HP: 54/71 MP: 0/18
  9469 | D:8      | Reached skill level 8 in Short Blades
  9591 | D:9      | Reached skill level 12 in Stealth
  9682 | D:9      | Noticed a death yak
  9700 | D:9      | Learned a level 3 spell: Dazzling Flash
  9761 | D:9      | Noticed Maurice
  9768 | D:9      | Killed Maurice
  9783 | D:9      | Found a radiant altar of Vehumet.
  9867 | D:9      | Found an ancient bone altar of Kikubaaqudgha.
  9984 | D:9      | Found a staircase to the Lair.
  9991 | D:9      | Noticed a death yak
  9993 | D:9      | Noticed a death yak
 10030 | D:8      | Killed a death yak
 10031 | D:8      | Reached skill level 9 in Short Blades
 10238 | D:8      | Killed a death yak
 10771 | D:9      | Reached skill level 10 in Short Blades
 10796 | D:9      | Killed a death yak
 10915 | D:10     | Entered Level 10 of the Dungeon
 10996 | D:10     | You pick up a book of Callings and begin reading...
 10996 | D:10     | You add the spells Call Canine Familiar and Summon
                  | Blazeheart Golem to your library.
 11033 | D:10     | Found a shimmering blue altar of Sif Muna.
 11084 | D:10     | You pick up a book of Air and begin reading...
 11084 | D:10     | You add the spells Shock, Swiftness and Airstrike to your
                  | library.
 11109 | D:10     | Found a hide-covered altar of Uskayaw.
 11120 | D:10     | Reached ** piety under Hepliaklqana
 11122 | D:10     | Remembered your ancestor Amurritum as a hexer
 11244 | D:10     | Found a burning altar of Makhleb.
 11246 | D:10     | Noticed a balrug
 11263 | D:10     | Reached skill level 9 in Hexes
 11480 | D:10     | Identified a scroll of acquirement
 11480 | D:10     | Acquired a +0 quick blade of venom
 11481 | D:10     | L - a +0 quick blade of venom {rare}
 11482 | D:10     | your +0 quick blade of venom {rare} begins to drip with
                  | poison!
 11482 | D:10     | L - a +0 quick blade of venom (weapon) {rare}
 11485 | D:10     | your +0 quick blade of venom {rare} projects an invisible
                  | shield of force!
 11485 | D:10     | L - a +0 quick blade of protection (weapon) {rare}
 11486 | D:10     | your +0 quick blade of protection {rare} crackles with
                  | electricity.
 11486 | D:10     | L - a +0 quick blade of electrocution (weapon) {rare}
 11487 | D:10     | your +0 quick blade of electrocution {rare} glows red for a
                  | moment.
 11525 | D:11     | Noticed a two-headed ogre
 11526 | D:11     | Killed a two-headed ogre
 11527 | D:11     | Reached skill level 13 in Stealth
 11541 | D:11     | Reached skill level 10 in Hexes
 11563 | D:11     | Noticed a two-headed ogre
 11569 | D:11     | Killed a two-headed ogre
 11570 | D:11     | Reached skill level 14 in Stealth
 11655 | D:11     | Reached skill level 15 in Stealth
 11749 | D:11     | Noticed a boulder beetle
 11807 | D:11     | Identified the +5 scale mail of Emutung {rC++ Str+3 Dex+3}
 11862 | D:11     | Reached XP level 12. HP: 33/77 MP: 4/20
 11881 | D:11     | Killed a boulder beetle
 12041 | D:11     | You pick up a book of Winter and begin reading...
 12041 | D:11     | You add the spells Ozocubu's Armour, Metabolic Englaciation
                  | and Sculpt Simulacrum to your library.
 12095 | D:11     | Identified the +13 plate armour "Saffosuwke" {rN+ Regen+
                  | Int+3}
 12167 | D:11     | Reached skill level 6 in Fighting
 12173 | D:11     | Reached skill level 6 in Spellcasting
 12316 | D:12     | Noticed a boulder beetle
 12316 | D:12     | Noticed a centaur warrior
 12330 | D:11     | Killed a boulder beetle
 12407 | D:12     | Reached skill level 11 in Dodging
 12580 | D:12     | Killed a centaur warrior
 12598 | D:12     | Reached skill level 7 in Fighting
 12615 | D:12     | Noticed a boulder beetle
 12623 | D:12     | Noticed a boulder beetle
 12627 | D:12     | Killed a boulder beetle
 12709 | D:11     | Killed a boulder beetle
 13027 | D:12     | Reached skill level 12 in Dodging
 13157 | D:12     | Found a staircase to the Orcish Mines.
 13199 | D:12     | Reached skill level 8 in Fighting
 13347 | D:12     | Noticed a six-headed hydra
 13368 | D:12     | Killed a six-headed hydra
 13606 | D:12     | Reached XP level 13. HP: 83/89 MP: 17/22
 13886 | Lair:1   | Entered Level 1 of the Lair of Beasts
 13933 | Lair:1   | Reached skill level 13 in Dodging
 14053 | Lair:1   | Reached *** piety under Hepliaklqana
 14081 | Lair:1   | Reached skill level 9 in Fighting
 15368 | Lair:2   | Reached skill level 10 in Fighting
 15418 | Lair:2   | Found a gate leading to a gauntlet.
 15426 | Lair:2   | Reached skill level 14 in Dodging
 15434 | Gauntlet | Entered a Gauntlet
 15434 | Gauntlet | Found a transporter.
 15434 | Gauntlet | Found a transporter.
 15453 | Gauntlet | Found a transporter.
 15457 | Gauntlet | Found a transporter.
 15469 | Gauntlet | Found a transporter.
 15469 | Gauntlet | Found a transporter.
 15477 | Gauntlet | Found a transporter.
 15494 | Gauntlet | Found a transporter.
 15509 | Gauntlet | Found a transporter.
 15513 | Gauntlet | Found a transporter.
 15521 | Gauntlet | Found a transporter.
 15525 | Gauntlet | Found a transporter.
 15600 | Gauntlet | You add the spells Malign Gateway and Summon Horrible
                  | Things to your library.
 15812 | Gauntlet | Found a runed translucent door.
 15869 | Gauntlet | Identified the amulet of the Imp {Reflect rPois rCorr Str-4
                  | Dex+6 SH+5}
 15887 | Gauntlet | Identified the amulet of Sebaj {Acrobat *Slow rPois rN+}
 15936 | Gauntlet | Noticed a minotaur
 15946 | Gauntlet | Killed a minotaur
 16262 | Lair:2   | Noticed Gastronok
 16273 | Lair:2   | Killed Gastronok
 16349 | Lair:2   | Reached skill level 15 in Dodging
 16359 | Lair:2   | Found a hole to the Spider Nest.
 17422 | Lair:3   | Reached skill level 16 in Stealth
 17428 | Lair:3   | Reached skill level 7 in Spellcasting
 17554 | Lair:3   | Noticed Nessos
 17559 | Lair:3   | Killed Nessos
 17560 | Lair:3   | Reached XP level 14. HP: 99/99 MP: 21/24
 18211 | Lair:3   | Found a staircase to the Shoals.
 18382 | Lair:3   | your +1 quick blade of electrocution {rare} glows red for a
                  | moment.
 18412 | Lair:4   | Reached **** piety under Hepliaklqana
 18464 | Lair:4   | Reached skill level 17 in Stealth
 18471 | Lair:4   | Reached skill level 8 in Spellcasting
 18509 | Lair:4   | Identified the ring "Dost" {Str+2 Int+6}
 18571 | Lair:4   | You pick up a book of Armaments and begin reading...
 18571 | Lair:4   | You add the spells Stone Arrow, Animate Armour and
                  | Lehudib's Crystal Spear to your library.
 18829 | Lair:4   | You pick up a book of Geomancy and begin reading...
 18829 | Lair:4   | You add the spells Sandblast and Passwall to your library.
 19019 | Lair:4   | HP: 17/99 [eight-headed hydra (12)]
 19319 | Lair:4   | Reached skill level 18 in Stealth
 19435 | Lair:4   | You pick up a book of Spontaneous Combustion and begin
                  | reading...
 19435 | Lair:4   | You add the spells Inner Flame, Irradiate and Ignition to
                  | your library.
 19526 | Lair:4   | Reached skill level 9 in Spellcasting
 19779 | Lair:5   | Entered Level 5 of the Lair of Beasts
 20197 | Lair:5   | Reached skill level 19 in Stealth
 20290 | Lair:5   | Reached skill level 10 in Spellcasting
 20562 | Lair:5   | Reached skill level 20 in Stealth
 20564 | Lair:5   | Reached skill level 1 in Translocations
 20666 | Lair:5   | Reached skill level 2 in Translocations
 20897 | Lair:5   | Reached XP level 15. HP: 81/103 MP: 26/29
 20969 | Lair:5   | Reached skill level 3 in Translocations
 20979 | Lair:5   | Reached skill level 4 in Translocations
 21072 | Lair:5   | Found a staircase to the Slime Pits.
 21072 | Lair:5   | Found a viscous altar of Jiyva.
 21290 | Lair:5   | You pick up a book of the Moon and begin reading...
 21290 | Lair:5   | You add the spells Passage of Golubria and Silence to your
                  | library.
 21297 | Lair:5   | You pick up a book of Hexes and begin reading...
 21297 | Lair:5   | You add the spells Anguish, Cause Fear and Enfeeble to your
                  | library.
 21396 | Lair:5   | Reached skill level 5 in Translocations
 21704 | Lair:5   | your +2 quick blade of electrocution {rare} glows red for a
                  | moment.
 21705 | Lair:5   | your +3 quick blade of electrocution {rare} glows red for a
                  | moment.
 21714 | Lair:5   | Learned a level 7 spell: Enfeeble
 21893 | Orc:1    | Entered Level 1 of the Orcish Mines
 21894 | Orc:1    | Reached ***** piety under Hepliaklqana
 21913 | Orc:1    | Paralysed by an orc sorcerer for 4 turns
 22154 | Orc:1    | Reached skill level 11 in Hexes
 22493 | Orc:2    | Entered Level 2 of the Orcish Mines
 22715 | Orc:2    | Reached skill level 12 in Hexes
 22844 | Orc:2    | Reached skill level 13 in Hexes
 22968 | Orc:2    | Found a staircase to the Elven Halls.
 22981 | Orc:2    | Found a bloodstained altar of Trog.
 23025 | Orc:2    | Found Suhu's Armour Shoppe.
 23277 | Orc:2    | Reached skill level 14 in Hexes
 23369 | Orc:2    | Bought a +2 pair of gloves of stealth for 236 gold pieces
 23404 | Orc:2    | Found Xedoytorgh's Antique Armour Shop.
 23415 | Orc:2    | Bought a shiny orb for 456 gold pieces
 23770 | Orc:2    | Found Matzyito's Antique Armour Boutique.
 23857 | Orc:2    | Found Hapiamm's Antique Weapon Shop.
 23962 | Orc:2    | Reached skill level 15 in Hexes
 24168 | D:4      | Bought Great Wizards, Vol. VII for 390 gold pieces
 24168 | D:4      | Bought a book of Spatial Translocations for 234 gold pieces
 24168 | D:4      | You pick up a book of Spatial Translocations and begin
                  | reading...
 24168 | D:4      | You add the spells Blink, Momentum Strike and Lesser
                  | Beckoning to your library.
 24171 | D:4      | Learned a level 2 spell: Blink
 24177 | D:4      | Learned a level 5 spell: Yara's Violent Unravelling
 24389 | D:13     | You add the spells Ignite Poison and Sticky Flame to your
                  | library.
 24715 | D:13     | Found Vutz's General Store.
 24741 | D:13     | Bought a scroll of teleportation for 36 gold pieces
 24741 | D:13     | Bought a potion of heal wounds for 60 gold pieces
 24741 | D:13     | Bought a scroll of blinking for 90 gold pieces
 25011 | D:14     | Found a gate to the Vaults.
 25174 | D:14     | Found a portal to a secret trove of treasure.
 25204 | D:14     | HP: 21/105 [mirror damage (36)]
 25205 | D:14     | HP: 7/105 [mirror damage (14)]
 25468 | D:14     | You pick up a book of the Wilderness and begin reading...
 25468 | D:14     | You add the spells Summon Forest, Summon Mana Viper and
                  | Summon Cactus Giant to your library.
 25564 | D:14     | Identified the +2 mace of the Spider Nest {venom, rF- rN++
                  | rCorr Stlth+}
 25754 | D:14     | Reached skill level 16 in Hexes
 26097 | D:15     | Entered Level 15 of the Dungeon
 26298 | D:15     | Reached XP level 16. HP: 111/111 MP: 30/30
 26357 | D:15     | Reached skill level 11 in Fighting
 26658 | D:15     | Identified the +8 quarterstaff of Wyrd {freeze, rN++}
 26733 | D:15     | Found a staircase to the Depths.
 27045 | D:15     | Reached skill level 17 in Hexes
 27642 | Spider:1 | Entered Level 1 of the Spider Nest
 27796 | Spider:1 | Reached skill level 1 in Summonings
 27814 | Spider:1 | HP: 28/113 [burnt (7)]
 28169 | Spider:1 | Reached skill level 2 in Summonings
 28472 | Spider:1 | Reached skill level 3 in Summonings
 28597 | Spider:1 | Reached skill level 12 in Fighting
 28604 | Spider:1 | HP: 28/114 [jumping spider (5)]
 28714 | Spider:1 | Reached skill level 18 in Hexes
 28719 | Spider:1 | Reached skill level 4 in Summonings
 28793 | Spider:1 | Reached ****** piety under Hepliaklqana
 28971 | Spider:1 | Reached skill level 5 in Summonings
 29147 | Spider:1 | Reached skill level 6 in Summonings
 29316 | Spider:1 | Learned a level 5 spell: Summon Forest
 29378 | Spider:2 | HP: 28/112 [culicivora (8)]
 29636 | Spider:2 | Reached skill level 7 in Summonings
 29842 | Spider:2 | Reached skill level 8 in Summonings
 29856 | Spider:2 | HP: 26/114 [wolf spider[a torpor snail] (9)]
 30321 | Spider:2 | Reached skill level 9 in Summonings
 30355 | Spider:2 | You pick up a book of Lightning and begin reading...
 30355 | Spider:2 | You add the spells Vhi's Electric Charge, Arcjolt and
                  | Plasma Beam to your library.
 30648 | Spider:3 | Reached XP level 17. HP: 119/119 MP: 28/31
 30794 | Spider:3 | Reached skill level 10 in Summonings
 31611 | Spider:3 | Reached skill level 11 in Summonings
 31768 | Spider:3 | Learned a level 5 spell: Summon Mana Viper
 31773 | Spider:3 | Learned a level 4 spell: Anguish
 31998 | Elf:1    | Entered Level 1 of the Elven Halls
 32068 | Elf:1    | Paralysed by an air elemental for 1 turns
 32247 | Elf:1    | HP: 25/119 [deep elf archer/arrow (10)]
 32839 | Elf:1    | Reached skill level 12 in Summonings
 33939 | Elf:2    | Found Aoonilas's Alliterative Armaments.
 33964 | Elf:2    | You pick up a book of Blasting and begin reading...
 33964 | Elf:2    | You add the spells Volatile Blastmotes, Fulminant Prism and
                  | Iskenderun's Mystic Blast to your library.
 33976 | Elf:2    | Found a shimmering blue altar of Sif Muna.
 34037 | Elf:2    | Paralysed by an air elemental for 1 turns
 34676 | Elf:2    | Reached skill level 6 in Translocations
 34828 | Elf:2    | Found a runed translucent gate.
 34829 | Elf:2    | Found a runed translucent gate.
 34829 | Elf:2    | Found a runed translucent gate.
 35035 | Elf:2    | HP: 25/119 [deep elf knight/arrow (15)]
 35200 | Elf:1    | Found a radiant altar of Vehumet.
 35371 | Elf:2    | Reached skill level 11 in Spellcasting
 35388 | Elf:2    | Reached skill level 13 in Summonings
 35665 | Elf:2    | Reached XP level 18. HP: 126/126 MP: 7/33
 35972 | Elf:2    | Reached skill level 7 in Translocations
 36403 | Elf:3    | Entered Level 3 of the Elven Halls
 36422 | Elf:3    | You pick up a book of Debilitation and begin reading...
 36422 | Elf:3    | You add the spells Slow, Sigil of Binding and Vampiric
                  | Draining to your library.
 36438 | Elf:3    | Found Ezxim's Antique Weapon Boutique.
 36480 | Elf:3    | Paralysed by an air elemental for 1 turns
 36885 | Elf:3    | Found a runed translucent door.
 36888 | Elf:3    | Noticed Igieh's ghost (journeyman DsFi)
 37700 | Elf:3    | Identified the +5 quarterstaff "Syukemo" {flame, Will+ MP+9
                  | Str+3}
 38001 | Elf:3    | Identified the +10 mace "Etuyxih" {flame, rC+++ rN+ Int+5}
 38409 | Elf:3    | Identified the +1 chain mail of Nihilism {rPois rN+ Slay+2}
 38420 | Elf:3    | Reached skill level 12 in Spellcasting
 38570 | Elf:3    | Reached skill level 8 in Translocations
 38770 | Elf:3    | Reached skill level 14 in Summonings
 38774 | Elf:3    | Noticed a Brimstone Fiend
 38776 | Elf:3    | Noticed a Tzitzimitl
 38965 | Elf:3    | Noticed a Hell Sentinel
 38966 | Elf:3    | Noticed a Tzitzimitl
 39198 | Elf:3    | Identified the ring "Pooshe" {Ice Int+6 Dex+4}
 39205 | Elf:3    | Noticed a Hell Sentinel
 39576 | Elf:3    | Identified the +10 arbalest of the Lame Duck {antimagic,
                  | ^Drain Fly rN++ SInv}
 39589 | Elf:3    | You pick up a book of Frost and begin reading...
 39589 | Elf:3    | You add the spells Freeze, Frozen Ramparts and Hailstorm to
                  | your library.
 39600 | Elf:3    | You pick up a book of the Hunter and begin reading...
 39620 | Elf:3    | You pick up a book of Iron and begin reading...
 39620 | Elf:3    | You add the spells Summon Lightning Spire and Lee's Rapid
                  | Deconstruction to your library.
 39622 | Elf:3    | You pick up a book of Spectacle and begin reading...
 39622 | Elf:3    | You add the spells Starburst and Maxwell's Capacitive
                  | Coupling to your library.
 39718 | Elf:3    | Killed Igieh's ghost
 39766 | Elf:3    | Identified the +1 pair of gloves "Seuteuja" {rPois}
 40022 | Shoals:1 | Entered Level 1 of the Shoals
 40041 | Shoals:1 | Reached skill level 1 in Armour
 40136 | Shoals:1 | Reached skill level 2 in Armour
 40625 | Shoals:1 | Reached skill level 3 in Armour
 40645 | Shoals:1 | You pick up a book of the Earth and begin reading...
 40645 | Shoals:1 | You add the spells Leda's Liquefaction and Bombard to your
                  | library.
 40671 | Shoals:1 | HP: 15/126 [water nymph/the raging water (32)]
 41327 | Shoals:1 | Acquired the +1 cloak of Ketoofic {rN+ Will+}
 41500 | Shoals:2 | Reached skill level 4 in Armour
 41774 | Shoals:2 | Noticed Donald
 41778 | Shoals:2 | Killed Donald
 41904 | Shoals:2 | Found Hutoank's Antique Armour Boutique.
 41912 | Shoals:2 | Bought a twisted leather armour for 189 gold pieces
 41912 | Shoals:2 | Identified the +3 leather armour "Cazies" {Rampage} (You
                  | bought it in a shop on level 2 of the Shoals)
 41997 | Shoals:2 | Noticed Ilsuiw
 42010 | Shoals:2 | Reached skill level 13 in Spellcasting
 42015 | Shoals:2 | Killed Ilsuiw
 42021 | Shoals:2 | Reached skill level 5 in Armour
 42021 | Shoals:2 | Reached XP level 19. HP: 112/131 MP: 17/36
 42237 | Shoals:2 | Reached skill level 15 in Summonings
 42590 | Shoals:3 | Reached skill level 6 in Armour
 43221 | Shoals:4 | Entered Level 4 of the Shoals
 43282 | Shoals:4 | Found a runed translucent door.
 43283 | Shoals:4 | Noticed Arcadio's ghost (adept GnHu)
 43364 | Shoals:4 | Reached skill level 7 in Armour
 43544 | Shoals:4 | Noticed Polyphemus
 43556 | Shoals:4 | Killed Polyphemus
 43792 | Shoals:4 | Reached skill level 8 in Armour
 44081 | Shoals:4 | Reached skill level 14 in Spellcasting
 44167 | Shoals:4 | Got a barnacled rune of Zot
 44497 | Shoals:4 | Killed Arcadio's ghost
 44537 | Shoals:4 | Identified the +3 longbow of the Blushing Tiger {drain,
                  | +Blink}
 44701 | Spider:4 | Entered Level 4 of the Spider Nest
 45017 | Spider:4 | Reached skill level 9 in Armour
 45103 | Spider:4 | Noticed Bai Suzhen
 45117 | Spider:4 | Killed Bai Suzhen
 45964 | Spider:4 | Identified the +0 hat of the Sailor {rF+ Int+3 Dex-5 SInv}
 45990 | Spider:4 | Got a gossamer rune of Zot
 46263 | D:9      | Learned a level 7 spell: Malign Gateway
 46362 | Vaults:1 | Entered Level 1 of the Vaults
 46379 | Vaults:1 | Found a transporter.
 46379 | Vaults:1 | Found Xywkeh's Assorted Antiques.
 46403 | Vaults:1 | Found a transporter.
 46419 | Vaults:1 | Bought a scroll of teleportation for 102 gold pieces
 46419 | Vaults:1 | Bought a scroll of teleportation for 102 gold pieces
 47340 | Vaults:1 | Reached XP level 20. HP: 105/139 MP: 35/38
 47526 | Vaults:1 | Reached skill level 10 in Armour
 47789 | D:8      | Bought a +2 demon trident of electrocution for 792 gold
                  | pieces
 47966 | D:14     | You paid a toll of a +7 demon trident to enter a treasure
                  | trove
 47967 | Trove    | Entered a treasure trove
 47970 | Trove    | d - a +4 quick blade of electrocution (weapon) {rare}
 47971 | Trove    | Identified the ring of Wijas Viom {rCorr Str+3}
 47973 | Trove    | Identified the ring of Cowardice {^Contam Fly rN+ rCorr
                  | SInv}
 47978 | Trove    | Identified the amulet "Meloutaq" {Spirit rC+ rN++ Will-
                  | rCorr}
 47982 | Trove    | Identified the ring of the Duke {rPois rF+ Dex-5 Slay+4}
 47988 | Trove    | Identified the amulet of Ephemeral Luck {Spirit rF+ Will+}
 47990 | Trove    | Identified the amulet "Dozxonow" {Spirit Str+4 Dex+3}
 47992 | Trove    | Identified the amulet "Soippob" {Reflect Harm rElec Regen+
                  | Int-5 SH+5}
 47994 | Trove    | Identified the amulet "Xountes" {RegenMP rCorr}
 48203 | Vaults:2 | Reached skill level 9 in Translocations
 48413 | Vaults:2 | Found a staircase to the Crypt.
 48413 | Vaults:2 | Found a basalt altar of Yredelemnul.
 48414 | Vaults:2 | Found an ancient bone altar of Kikubaaqudgha.
 48483 | Vaults:2 | Reached skill level 13 in Fighting
 48682 | Vaults:2 | Reached skill level 16 in Summonings
 49348 | Vaults:2 | Reached skill level 15 in Spellcasting
 49700 | Vaults:3 | Found a crumbling gateway.
 49750 | Desolati | Entered the Desolation of Salt
 49768 | Desolati | Reached skill level 10 in Translocations
 49875 | Desolati | Got the Lessons on Amathomancy
 49887 | Desolati | Identified the +1 swamp dragon scales of Theory {+Inv rPois
                  | Str+4 Slay-5}
 49891 | Desolati | Identified the +9 plate armour of Trumpets {rN+ Int+4}
 49916 | Desolati | Identified the amulet of Untruth {Faith -Tele rN+ Dex+5}
 50127 | Desolati | Identified the +1 plate armour "Biaruh" {*Slow Will+ Int+3}
 50128 | Desolati | Identified the +0 chain mail of the Saviour {Int+2}
 50190 | Desolati | You add the spells Gell's Gravitas and Curse of Agony to
                  | your library.
 50190 | Desolati | Got the Almanac of the Creeping Door
 50378 | Desolati | HP: 8/142 [crystal guardian/crystal bolt (37)]
 50743 | Desolati | Identified the +12 crystal plate armour of the Thinker {rC+
                  | Regen+ Str-4}
 50744 | Desolati | O - the +12 crystal plate armour of the Thinker {rC+ Regen+
                  | Str-4, rare}
 50767 | Desolati | Reached skill level 14 in Fighting
 50834 | Desolati | Reached skill level 17 in Summonings
 51096 | Desolati | Identified the amulet of Mistrust {^Contam Fly rN++ Regen+
                  | Int+3}
 51097 | Desolati | You drop the +12 crystal plate armour of the Thinker {rC+
                  | Regen+ Str-4, rare}.
 51110 | Desolati | Identified the staff of a bazaar {rPois rF- Str+5 Int+6
                  | Alchemy}
 51261 | Desolati | Reached XP level 21. HP: 79/148 MP: 37/40
 51370 | Desolati | You add the spells Manifold Assault and Freezing Cloud to
                  | your library.
 51370 | Desolati | Got the Grimoire of the Equator
 52413 | Vaults:3 | You are sucked into a shaft and drop 1 floor!
 52457 | Vaults:4 | Reached skill level 15 in Fighting
 52457 | Vaults:4 | HP: 35/151 [dire elephant (15)]
 52464 | Vaults:4 | HP: 29/151 [dire elephant (19)]
 52466 | Vaults:4 | Reached skill level 18 in Summonings
 52592 | Vaults:4 | Reached skill level 1 in Invocations
 53068 | Vaults:3 | Reached skill level 2 in Invocations
 54101 | Vaults:4 | Reached skill level 3 in Invocations
 54805 | D:14     | your +4 quick blade of electrocution {rare} glows red for a
                  | moment.
 54806 | D:14     | your +5 quick blade of electrocution {rare} glows red for a
                  | moment.
 54899 | Depths:1 | Entered Level 1 of the Depths
 54962 | Depths:1 | You are sucked into a shaft and drop 1 floor!
 55387 | Depths:1 | Reached skill level 4 in Invocations
 55448 | Depths:1 | You pick up a book of Dreams and begin reading...
 55497 | Depths:1 | You pick up a book of the Dragon and begin reading...
 55741 | Depths:1 | Found Regud's Armour Boutique.
 56185 | Depths:1 | Found a gateway to Hell.
 56393 | Depths:1 | Reached skill level 16 in Dodging
 56393 | Depths:1 | Reached XP level 22. HP: 107/159 MP: 14/41
 56581 | Depths:2 | Found a one-way gate leading to the halls of Pandemonium.
 56602 | Depths:2 | Reached skill level 11 in Armour
 57047 | Depths:2 | Found a runed translucent door.
 57220 | Depths:2 | Reached skill level 1 in Shapeshifting
 57248 | Depths:2 | quicksilver dragon scales {rare}; a quicksilver dragon
                  | corpse
 57258 | Depths:2 | Reached skill level 2 in Shapeshifting
 57263 | Depths:2 | quicksilver dragon scales {rare}; a quicksilver dragon
                  | corpse
 57264 | Depths:2 | l - quicksilver dragon scales {rare}
 57689 | Depths:2 | Identified the +5 dagger "Guig" {flame, Str+3}
 57705 | Depths:2 | Reached skill level 3 in Shapeshifting
 57914 | Depths:2 | Reached skill level 4 in Shapeshifting
 58163 | Depths:2 | Identified the +5 double sword "Amuzasua" {flame, Dex+6}
 58163 | Depths:2 | Identified +0 gold dragon scales
 58163 | Depths:2 | Identified the ring "Cutu" {Int+3 Slay+4 Stlth+}
 58204 | Depths:2 | q - the +5 double sword "Amuzasua" {flame, Dex+6, rare}
 58204 | Depths:2 | +0 gold dragon scales {rare}; a spriggan corpse
 58336 | Depths:2 | Reached skill level 5 in Shapeshifting
 58467 | Depths:2 | +0 gold dragon scales {rare}; a spriggan skeleton
 58551 | Depths:2 | HP: 36/158 [walking frostbound tome (15)]
 58955 | Depths:3 | Reached skill level 6 in Shapeshifting
 59112 | Depths:3 | You drop the +5 double sword "Amuzasua" {flame, Dex+6,
                  | rare}.
 59190 | Depths:3 | Identified the ring of Disaster {rElec rF++ EV+5 Str-3
                  | Slay+2}
 59193 | Depths:3 | You pick up a book of Decay and begin reading...
 59193 | Depths:3 | You add the spells Cigotuvi's Dreadful Rot, Martyr's Knell
                  | and Death Channel to your library.
 59217 | Depths:3 | Reached skill level 7 in Shapeshifting
 59228 | Depths:3 | Noticed Sojobo
 59245 | Depths:3 | Killed Sojobo
 59247 | Depths:3 | a +1 triple sword of electrocution {rare}; a +0 scale mail
                  | of poison resistance; a +4 ring of slaying
 59379 | Depths:3 | a +1 triple sword of electrocution {rare}; a +0 scale mail
                  | of poison resistance; a +4 ring of slaying
 59379 | Depths:3 | a +1 triple sword of electrocution {rare}; a +0 scale mail
                  | of poison resistance; a +4 ring of slaying
 59429 | Depths:3 | Reached skill level 8 in Shapeshifting
 59479 | Depths:3 | You are cast into the Abyss!
 59479 | Abyss:3  | Cast into level 3 of the Abyss (hell knight)
 59542 | Abyss:3  | Found a corrupted altar of Lugonu.
 59565 | Abyss:3  | Found a corrupted altar of Lugonu.
 59749 | Abyss:3  | Reached skill level 9 in Shapeshifting
 59768 | Abyss:3  | You finish putting on your quicksilver dragon scales
                  | {rare}.
 59783 | Abyss:3  | Learned a level 8 spell: Summon Horrible Things
 59994 | Abyss:4  | Found a corrupted altar of Lugonu.
 60048 | Abyss:4  | Found a corrupted altar of Lugonu.
 60101 | Abyss:4  | Reached skill level 10 in Shapeshifting
 60153 | Abyss:4  | HP: 5/159 [caustic shrike simulacrum (48)]
 60199 | Abyss:4  | Found a stormy altar of Qazlal.
 60373 | Abyss:4  | Reached skill level 11 in Shapeshifting
 60536 | Abyss:4  | Gained mutation: Potions are less effective at restoring
                  | your health. [a neqoxec]
 60564 | Depths:3 | You pass through the gate.
 60564 | Depths:3 | Escaped the Abyss
 60796 | Depths:3 | Reached skill level 12 in Shapeshifting
 60860 | Depths:3 | Identified the ring of Meyp {Fly Slay+3}
 61116 | Depths:3 | Identified the ring "Vaasathi" {rF+ MP+9 Str+4}
 61169 | Depths:3 | Reached XP level 23. HP: 164/164 MP: 39/42
 61237 | Depths:3 | Found Teogif's Antique Armour Emporium.
 61275 | Depths:3 | Reached skill level 13 in Shapeshifting
 61403 | Depths:3 | your +6 quick blade of electrocution {rare} glows red for a
                  | moment.
 61525 | Depths:3 | Noticed a juggernaut
 61537 | Depths:3 | Killed a juggernaut
 61697 | Depths:3 | Found a one-way gate to the infinite horrors of the Abyss.
 61697 | Depths:3 | Found a transporter.
 61864 | Depths:3 | Reached skill level 14 in Shapeshifting
 61969 | Depths:3 | Found a transporter.
 62102 | Depths:3 | your quicksilver dragon scales {rare} melds into your body.
 62107 | Depths:4 | Entered Level 4 of the Depths
 62213 | Depths:4 | +0 storm dragon scales {rare}; a storm dragon corpse
 62217 | Depths:4 | Reached skill level 15 in Shapeshifting
 62564 | Depths:4 | +0 storm dragon scales {rare}; a storm dragon corpse
 62596 | Depths:4 | Found Dienaushri's Armour Emporium.
 62626 | Depths:4 | Found a one-way gateway to a ziggurat.
 62675 | Depths:4 | Found a gate to the Realm of Zot.
 62724 | Depths:4 | Reached skill level 16 in Shapeshifting
 63225 | Crypt:1  | Entered Level 1 of the Crypt
 63366 | Crypt:1  | Reached skill level 16 in Fighting
 64019 | Crypt:1  | You add the spells Olgreb's Toxic Radiance, Ozocubu's
                  | Refrigeration and Discord to your library.
 64237 | Crypt:2  | Found the +9 sword of Power {lifebolt}
 64249 | Crypt:2  | Found a runed translucent door.
 64252 | Crypt:2  | Noticed Roocroe's ghost (veteran MiGl)
 64263 | Crypt:2  | Reached skill level 16 in Spellcasting
 64266 | Crypt:2  | Reached skill level 19 in Summonings
 64281 | Crypt:2  | Noticed Khufu
 64285 | Crypt:2  | Noticed a royal mummy
 64363 | Crypt:2  | Noticed a curse skull
 64380 | Crypt:2  | Killed a curse skull
 64759 | Crypt:2  | Killed a royal mummy
 64760 | Crypt:2  | Reached XP level 24. HP: 136/171 MP: 30/43
 64764 | Crypt:2  | Killed Khufu
 64765 | Crypt:2  | Reached skill level 20 in Summonings
 65103 | Crypt:2  | Killed Roocroe's ghost
 65193 | Crypt:3  | Entered Level 3 of the Crypt
 65230 | Crypt:3  | Noticed a curse skull
 65237 | Crypt:3  | Killed a curse skull
 65269 | Crypt:3  | Found a magical portal.
 65293 | WizLab   | Entered Tukima's Studio
 65442 | WizLab   | Identified the +2 triple crossbow "Ozomys" {penet, ^Fragile
                  | rF++ Str+4 Dex-3}
 65442 | WizLab   | Identified the +2 triple crossbow "Ozomys" {penet, ^Fragile
                  | rF++ Str+4 Dex-3}
 65458 | WizLab   | Identified the +1 pair of gloves of Ravioli {Str+3 Int+2}
 65506 | WizLab   | Noticed PAMOHbI411's illusion
 65773 | Crypt:3  | Reached skill level 21 in Summonings
 65808 | Crypt:3  | Identified the +0 leather armour "Istrevon" {rF+ Will+
                  | Dex+3 Slay+3}
 65815 | Crypt:3  | your +7 quick blade of electrocution {rare} glows red for a
                  | moment.
 65822 | Crypt:3  | Noticed a curse skull
 65829 | Crypt:3  | Killed a curse skull
 66055 | Crypt:3  | HP: 55/222 [jiangshi (12)]
 66229 | Crypt:3  | Found a basalt altar of Yredelemnul.
 66231 | Crypt:3  | Found an ancient bone altar of Kikubaaqudgha.
 66313 | Crypt:3  | Identified the staff "Bojieqopn" {rPois rN+ rCorr Dex-4
                  | SInv Necro}
 66315 | Crypt:3  | Identified the +1 pair of boots of Disaster {Stlth+}
 66355 | Crypt:3  | Identified the +5 falchion of Okawaru's Generosity {venom,
                  | Int+3}
 66359 | Crypt:3  | Identified the +4 dire flail of Yroatat {distort, rF++ rN+
                  | MP+9 Stlth+}
 66480 | Crypt:3  | Reached skill level 22 in Summonings
 66581 | Crypt:3  | Found a staircase to the Tomb.
 66641 | Crypt:3  | Learned a level 9 spell: Dragon's Call
 66673 | Crypt:3  | Acquired the amulet "Pisicrud" {RegenMP rC+ Str+3 Int+2}
 66674 | Crypt:3  | Acquired the -1 pair of boots of Imperfection {rC++ Will+}
 66685 | Crypt:3  | your quicksilver dragon scales {rare} unmelds from your
                  | body.
 66854 | D:14     | You finish taking off your quicksilver dragon scales
                  | {rare}.
 67066 | Slime:1  | Entered Level 1 of the Pits of Slime
 67100 | Slime:1  | Reached skill level 17 in Spellcasting
 67721 | Slime:3  | Noticed Dissolution
 67726 | Slime:3  | Killed Dissolution
 67749 | Slime:3  | Gained mutation: You sometimes lose your temper in combat.
                  | [a shining eye]
 67929 | Slime:3  | Gained mutation: You have an uncontrollable temper. [a
                  | shining eye]
 68408 | Slime:2  | Reached skill level 18 in Spellcasting
 68630 | Slime:4  | Reached XP level 25. HP: 177/177 MP: 37/45
 68726 | Slime:5  | Entered Level 5 of the Pits of Slime
 68855 | Slime:5  | Found a viscous altar of Jiyva.
 68855 | Slime:5  | Noticed the Royal Jelly
 69702 | Slime:5  | Killed the Royal Jelly
 69703 | Slime:5  | Reached skill level 23 in Summonings
 69909 | Slime:5  | You pick up a book of Ice and begin reading...
 69919 | Slime:5  | Got the Vellum of Battling
 69938 | Slime:5  | You pick up a book of Storms and begin reading...
 69949 | Slime:5  | Got a slimy rune of Zot
 69953 | Slime:5  | Identified the +7 falchion "Widowmaker" {holy, SInv}
 69956 | Slime:5  | Identified the +3 plate armour "Put-Me-On" {rC+ Will+
                  | Slay+2}
 69962 | Slime:5  | Identified the +1 chain mail of Spite {Harm rC- rCorr
                  | Str+6}
 69992 | Slime:5  | Identified the +7 great mace "Fuomoconi" {heavy, ^Contam
                  | rPois rC- rCorr Dex+8}
 69995 | Slime:5  | You pick up a book of Flames and begin reading...
 70016 | Slime:5  | Identified the ring "Kaedwi" {Fly rF++ Int+2 Dex+4 Stlth-}
 70033 | Slime:5  | Identified the +0 robe of the Unicorn {rPois MP-9 Dex+2
                  | Slay+2}
 71205 | D:9      | Lost mutation: You have an uncontrollable temper. [potion
                  | of mutation]
 71205 | D:9      | Lost mutation: Potions are less effective at restoring your
                  | health. [potion of mutation]
 71205 | D:9      | Gained mutation: You are partially covered in iridescent
                  | scales. (AC +2) [potion of mutation]
 71205 | D:9      | Gained mutation: You are mostly covered in iridescent
                  | scales. (AC +4) [potion of mutation]
 71207 | D:9      | Lost mutation: You are mostly covered in iridescent scales.
                  | (AC +4) [potion of mutation]
 71207 | D:9      | Lost mutation: You are partially covered in iridescent
                  | scales. (AC +2) [potion of mutation]
 71207 | D:9      | Gained mutation: Your mind is acute. (Int +4, Str/Dex -1)
                  | [potion of mutation]
 71208 | D:9      | Lost mutation: Your mind is acute. (Int +4, Str/Dex -1)
                  | [potion of mutation]
 71208 | D:9      | Lost mutation: You sometimes lose your temper in combat.
                  | [potion of mutation]
 71208 | D:9      | Gained mutation: You are resistant to electric shocks.
                  | (rElec) [potion of mutation]
 71208 | D:9      | Gained mutation: You have sharp fingernails. [potion of
                  | mutation]
 71221 | D:9      | You drop quicksilver dragon scales {rare}.
 71243 | D:9      | Learned a level 8 spell: Discord
 71471 | Orc:2    | Bought an embroidered cloak for 232 gold pieces
 71471 | Orc:2    | Bought a shimmering scale mail for 279 gold pieces
 71471 | Orc:2    | Identified the +2 scale mail of Idealism {Regen+} (You
                  | bought it in a shop on level 2 of the Orcish Mines)
 71471 | Orc:2    | Bought a runed helmet for 232 gold pieces
 71688 | Vaults:1 | Bought 2 potions of haste for 680 gold pieces
 71812 | Vaults:5 | Entered Level 5 of the Vaults
 71823 | Vaults:5 | Reached skill level 24 in Summonings
 71847 | Vaults:5 | Noticed Xtahua
 72047 | Vaults:5 | Noticed Mara
 72148 | Vaults:5 | HP: 43/177 [poisoned by a golden dragon (poison gas)]
 72153 | Vaults:5 | HP: 38/177 [poisoned by a golden dragon (poison gas)]
 72159 | Vaults:5 | HP: 36/177 [poisoned by a golden dragon (poison gas)]
 72418 | Vaults:5 | Killed Xtahua
 72813 | Vaults:5 | Identified the +5 plate armour "Suegox" {+Blink Regen+}
 73091 | Vaults:5 | Reached skill level 19 in Hexes
 73094 | Vaults:5 | Identified +0 gold dragon scales
 73351 | Vaults:5 | Noticed a dread lich
 73360 | Vaults:5 | Killed a dread lich
 73361 | Vaults:5 | Reached XP level 26. HP: 139/185 MP: 38/45
 73436 | Vaults:5 | You pick up a book of the Senses and begin reading...
 73672 | Vaults:5 | Reached skill level 17 in Dodging
 73792 | Vaults:5 | Killed Mara
 73869 | Vaults:5 | Identified the staff of Conformity {rPois rF- rC+ rN++ Ice
                  | Earth}
 73876 | Vaults:5 | You pick up a book of the Warp and begin reading...
 73876 | Vaults:5 | You add the spells Dispersal and Disjunction to your
                  | library.
 74268 | Vaults:5 | Noticed an ancient lich
 74280 | Vaults:5 | Killed an ancient lich
 74370 | Vaults:5 | Noticed an ancient lich
 74386 | Vaults:5 | Killed an ancient lich
 74403 | Vaults:5 | Reached skill level 17 in Fighting
 74415 | Vaults:5 | quicksilver dragon scales {rare}; a quicksilver dragon
                  | corpse
 74459 | Vaults:5 | Identified the staff "Hopycirch" {rF+ Stlth+ Fire}
 74480 | Vaults:5 | Identified the +3 scimitar "Qaciet" {freeze, Fly rPois rC+
                  | Will-}
 74490 | Vaults:5 | Identified the +7 orcbow "Orb Guardian's Foe" {drain, rN+}
                  | (You took it off a vault warden on level 5 of the Vaults)
 74508 | Vaults:5 | Identified the staff "Impimio" {rPois rF+ Alchemy}
 74521 | Vaults:5 | You pick up a book of Conjurations and begin reading...
 74521 | Vaults:5 | You add the spells Magic Dart and Searing Ray to your
                  | library.
 74532 | Vaults:5 | Got a silver rune of Zot
 74540 | Vaults:5 | Identified the +1 scale mail of the Lair of Beasts {rPois
                  | rF++ rC- Int+2}
 74917 | Zot:1    | Entered Level 1 of the Realm of Zot
 74941 | Zot:1    | Identified +0 gold dragon scales
 74942 | Zot:1    | Reached skill level 20 in Hexes
 74943 | Zot:1    | +0 gold dragon scales {rare}; a golden dragon corpse
 75533 | Zot:1    | Noticed an electric golem
 75534 | Zot:1    | Noticed Foery's ghost (veteran MiMo)
 75540 | Zot:1    | Noticed Foery's ghost (veteran MiMo)
 75543 | Zot:1    | Noticed an orb of fire
 75548 | Zot:1    | Noticed Arcadio's ghost (legendary DjFE)
 75557 | Zot:1    | Found a transporter.
 75559 | Zot:1    | Found a transporter.
 75575 | Zot:1    | Reached skill level 19 in Spellcasting
 76115 | Zot:1    | You fall into a shaft and drop 1 floor!
 76205 | Zot:2    | Reached skill level 18 in Dodging
 76539 | Zot:2    | Noticed an orb of fire
 76554 | Zot:2    | Killed an orb of fire
 76880 | Zot:2    | Noticed an orb of fire
 76892 | Zot:2    | Killed an orb of fire
 77828 | Zot:3    | Noticed an orb of fire
 77839 | Zot:3    | Killed an orb of fire
 78035 | Zot:3    | HP: 45/189 [poisoned by a golden dragon (poison gas)]
 78035 | Zot:3    | Identified +0 gold dragon scales
 78040 | Zot:3    | HP: 39/189 [poison (poison gas)]
 78950 | Zot:3    | Reached skill level 18 in Fighting
 79101 | Zot:3    | Reached skill level 19 in Dodging
 79156 | Zot:3    | quicksilver dragon scales {rare}; a quicksilver dragon
                  | corpse
 79198 | Zot:3    | Reached XP level 27. HP: 191/196 MP: 41/46
 79349 | Zot:3    | Identified the +5 war axe "Gogrid" {heavy, *Slow rElec rC-
                  | Dex+7}
 79465 | Zot:4    | Identified +0 gold dragon scales
 79466 | Zot:4    | Reached skill level 20 in Spellcasting
 79631 | Zot:4    | Identified the ring "Yfeunoat" {Ice rPois Will++}
 79631 | Zot:4    | Noticed Josephina
 79673 | Zot:4    | +0 gold dragon scales {rare}; a golden dragon corpse
 79742 | Zot:4    | Noticed a curse toe
 79839 | Zot:4    | Killed a curse toe
 80093 | Zot:4    | +0 shadow dragon scales {rare}; a shadow dragon corpse
 80227 | Zot:4    | Killed Josephina
 80363 | Zot:4    | +0 shadow dragon scales {rare}; a shadow dragon skeleton
 80365 | Zot:5    | Entered Level 5 of the Realm of Zot
 80403 | Zot:5    | Reached skill level 19 in Fighting
 80403 | Zot:5    | Reached skill level 20 in Dodging
 80534 | Zot:5    | Identified the +6 scale mail of Iceghae {rC+ Int+4 Dex-5}
 80551 | Zot:5    | Identified +0 gold dragon scales
 80567 | Zot:5    | +0 gold dragon scales {rare}; a golden dragon corpse
 80570 | Zot:5    | +0 gold dragon scales {rare}; a golden dragon corpse
 80775 | Zot:5    | Noticed an orb of fire
 80777 | Zot:5    | Noticed a dread lich
 80779 | Zot:5    | Noticed an orb of fire
 80781 | Zot:5    | Killed a dread lich
 80785 | Zot:5    | Killed a dread lich
 80786 | Zot:5    | Reached skill level 20 in Fighting
 80853 | Zot:5    | Gained mutation: Armour fits poorly on your strangely
                  | shaped body. [an orb of fire]
 81001 | Zot:5    | Noticed an ancient lich
 81008 | Zot:5    | Killed an ancient lich
 81010 | Zot:5    | Reached skill level 12 in Armour
 81013 | Zot:5    | Noticed an ancient lich
 81014 | Zot:5    | Noticed an ancient lich
 81017 | Zot:5    | Killed an orb of fire
 81017 | Zot:5    | Killed an ancient lich
 81019 | Zot:5    | Killed an orb of fire
 81020 | Zot:5    | Killed an ancient lich
 81024 | Zot:5    | Noticed an ancient lich
 81025 | Zot:5    | Killed an ancient lich
 81026 | Zot:5    | Reached skill level 13 in Armour
 81133 | Zot:5    | +0 shadow dragon scales {rare}; a +10 club of venom; a
                  | shadow dragon corpse
 81297 | Zot:5    | Noticed an electric golem
 81300 | Zot:5    | Reached skill level 14 in Armour
 81302 | Zot:5    | Noticed an electric golem
 81306 | Zot:5    | Killed an electric golem
 81309 | Zot:5    | Killed an electric golem
 81373 | Zot:5    | You pick up a book of Annihilations and begin reading...
 81373 | Zot:5    | You add the spells Fire Storm and Shatter to your library.
 81437 | Zot:5    | Got the Orb of Zot
 81585 | Depths:4 | Noticed Doxteam the pandemonium lord
 81714 | D:15     | Noticed Locsil the pandemonium lord
 81884 | D:8      | Lost mutation: You have sharp fingernails. [a cacodemon]
 82178 | D:$      | Escaped with the Orb!

Vanquished Creatures
  the Royal Jelly (Slime:5)
  Mara (Vaults:5)
  An ancient lich (Vaults:5)
  Xtahua (Vaults:5)
  Sojobo (Depths:3)
  Josephina (Zot:4)
  Bai Suzhen (Spider:4)
  A Killer Klown (Zot:3)
  A curse toe (Zot:4)
  6 golden dragons
  2 bone dragons (Abyss:4)
  A shard shrike zombie (Abyss:3)
  7 tentacled monstrosities
  An electric golem (Zot:5)
  6 liches
  3 Orb Guardians (Zot:5)
  A deep elf blademaster (Elf:3)
  5 quicksilver dragons
  2 deep elf master archers (Elf:3)
  The ghost of Arcadio the Marksgnoll, an adept GnHu of Cheibriados (Shoals:4)
  A titan (Vaults:5)
  Gastronok (Lair:2)
  Polyphemus (Shoals:4)
  An Executioner (D:14)
  11 acid blobs
  2 death cobs (Zot:1)
  6 ancient champions (Crypt:3)
  A tentacled starspawn (Abyss:4)
  3 sphinxes
  3 tengu reavers
  8 storm dragons
  7 shadow dragons
  Ilsuiw (Shoals:2)
  Donald (Shoals:2)
  4 azure jellies
  5 rockslimes
  3 draconian knights
  A protean progenitor (Zot:4)
  3 draconian monks
  5 fire giants
  6 frost giants
  8 vault wardens
  A ghost moth (Zot:2)
  A deep elf sorcerer (Elf:3)
  2 imperial myrmidons (Desolation)
  3 iron dragons
  A balrug (Depths:1)
  A deep elf elementalist (Elf:3)
  2 emperor scorpions (Spider:4)
  A reaper (Depths:4)
  2 spriggan defenders (Depths:3)
  3 orc warlords
  7 ghouls
  2 broodmothers
  11 ironbound preservers
  15 very ugly things
  The ghost of Igieh the Carver, a journeyman DsFi of Hepliaklqana (Elf:3)
  13 ironbound thunderhulks
  20 stone giants
  5 quicksilver oozes
  4 formless jellyfish
  3 black draconians
  Nessos (Lair:3)
  5 green draconians
  A deep elf demonologist (Elf:3)
  5 vampire knights
  3 white draconians
  4 deep elf annihilators
  3 yellow draconians
  5 deep elf death magi
  10 spark wasps
  A minotaur (Gauntlet)
  8 dire elephants
  3 war gargoyles
  A purple draconian (Zot:2)
  10 ettins
  A red draconian (Zot:1)
  2 merfolk javelineers
  A crystal guardian (Vaults:4)
  2 merfolk impalers
  5 eidola
  11 jiangshi
  6 ragged hierophants (Desolation)
  5 fire dragons
  7 entropy weavers
  7 great orbs of eyes
  7 yaktaur captains
  3 rakshasas
  8 vault guards
  3 deep elf high priests (Elf:3)
  2 spriggan skeletons
  2 servants of whispers (Desolation)
  12 ice dragons
  7 hydras
  2 ogre magi
  4 ironbound frosthearts
  A peacekeeper (Desolation)
  Erica (D:8)
  2 jorogumos
  A two-headed ogre (shapeshifter) (Depths:4)
  5 centaur warriors
  5 tengu warriors
  A death scarab (Gauntlet)
  A merfolk avatar (Shoals:4)
  A spriggan air mage (Depths:4)
  2 merfolk aquamancers (Shoals:4)
  4 radroaches
  10 two-headed ogres
  4 death knights
  12 boulder beetles
  2 satyrs (Shoals:4)
  4 deep troll shamans
  3 alligator snapping turtles
  8 dancing weapons
  10 death yaks
  2 orc high priests
  9 demonic crawlers
  A naga sharpshooter (Depths:3)
  3 deep troll earth magi (Depths:4)
  3 spriggan berserkers
  11 vampire magi
  A thrashing horror (Abyss:4)
  2 soul eaters (Crypt:3)
  10 deep elf knights
  4 hell knights
  A spectral death yak (Gauntlet)
  4 iron trolls
  A sixfirhy (Gauntlet)
  A shadow wraith (Crypt:3)
  5 pharaoh ants
  A wretched star (Abyss:3)
  A sea snake (shapeshifter) (Vaults:5)
  15 skeletal warriors
  4 flayed ghosts
  3 skysharks
  A glowing orange brain (Depths:4)
  6 sea snakes
  32 deep trolls
  A goliath frog (Lair:5)
  4 arcanists
  A steelbarb worm (shapeshifter) (Depths:4)
  10 orb spiders
  3 deep elf archers
  A golden dragon skeleton (Crypt:2)
  A bog body (Crypt:1)
  2 lindwurms (Vaults:3)
  21 deep elf pyromancers
  Pikel (D:7)
  2 sun moths
  6 steelbarb worms
  14 ironbound convokers
  11 deep elf zephyrmancers
  5 phantasmal warriors
  2 necromancers
  9 harpies
  19 wolf spiders
  3 orc sorcerers
  32 ugly things
  2 orc knights
  A tengu skeleton (Vaults:5)
  5 fauns
  Maurice (D:9)
  3 cyclopes
  A will-o-the-wisp (Abyss:3)
  2 worldbinders (Abyss:4)
  A moth of wrath (shapeshifter) (Depths:3)
  6 kobold blastminers (Orc:2)
  15 manticores
  A manticore (shapeshifter) (Depths:4)
  9 meliai
  6 merfolk sirens
  4 guardian serpents (Desolation)
  15 moths of wrath
  A frost giant skeleton (Crypt:1)
  16 elephants
  73 slime creatures
  An eye of devastation (Slime:5)
  9 torpor snails
  4 water nymphs
  Joseph (D:7)
  4 black mambas (Lair:3)
  4 gargoyles
  7 vault sentinels
  14 cane toads
  3 smoke demons
  Maggie (D:6)
  A dire elephant skeleton (Crypt:3)
  5 unseen horrors
  6 yaktaurs
  2 rime drakes
  14 komodo dragons
  5 large abominations
  2 efreet
  A yaktaur skeleton (Vaults:5)
  Jeremiah (D:8)
  2 freezing wraiths (Crypt:1)
  Psyche (D:8)
  A tengu conjurer (D:14)
  A red draconian skeleton (Crypt:1)
  A black draconian skeleton (Crypt:2)
  3 trolls
  3 wind drakes
  An unseen horror skeleton (Crypt:3)
  2 polar bears
  A harpy skeleton (Crypt:3)
  21 tarantellas
  15 merfolk
  A nameless horror (Zot:5)
  2 tyrant leeches (Lair:5)
  2 hornets (Spider:4)
  A dream sheep (Shoals:3)
  8 raiju
  22 saltlings (Desolation)
  23 blink frogs
  A dream sheep (shapeshifter) (Vaults:5)
  4 glass eyes
  8 snapping turtles
  An ice dragon zombie (Crypt:3)
  An air elemental (Elf:3)
  2 draconian simulacra (Zot:4)
  21 jumping spiders
  2 vampires (D:12)
  20 culicivoras
  An ettin skeleton (Crypt:3)
  8 wyverns
  54 yaks
  2 ynoxinuls
  10 wraiths
  2 water elementals
  A black mamba zombie (Crypt:1)
  A yak (shapeshifter) (Abyss:4)
  A fire elemental (Elf:3)
  36 redbacks
  2 golden eyes
  4 wargs
  5 basilisks
  4 starcursed masses
  A human (D:14)
  A steam dragon (D:6)
  Grum (D:8)
  A neqoxec (Abyss:4)
  17 vampire mosquitoes
  A naga (Depths:3)
  2 acid dragons
  A chaos spawn (Abyss:3)
  18 water moccasins
  A glowing shapeshifter skeleton (Vaults:5)
  A cane toad zombie (Crypt:1)
  32 orc warriors
  3 sky beasts
  An ice beast (D:8)
  An ettin simulacrum (Abyss:4)
  9 laughing skulls
  2 small abominations
  A black bear (D:7)
  An ogre (shapeshifter) (D:15)
  12 ogres
  4 boggarts (D:15)
  13 wolves
  6 centaurs
  A dream sheep skeleton (Crypt:2)
  2 phantoms
  3 weeping skulls
  5 kobold brigands
  20 bullfrogs
  2 elf zombies (Ossuary)
  A salamander zombie (Crypt:2)
  4 necrophages
  A gnoll sergeant (D:6)
  3 scorpions
  An earth elemental (Elf:1)
  A draconian skeleton (Crypt:3)
  A burial acolyte (D:9)
  8 wights
  19 killer bees
  10 electric eels
  3 howler monkeys
  2 bombardier beetles
  2 human zombies (Ossuary)
  2 jellies
  3 hounds
  A quasit (Depths:3)
  A gnoll bouda (D:7)
  24 orc priests
  Ijyb (D:3)
  Terence (D:3)
  7 hexers
  4 iguanas
  23 orc wizards
  2 hell rats (D:9)
  3 hound zombies (Ossuary)
  8 mummies
  5 gnolls
  3 adders
  4 shadow imps
  A white imp (Vaults:3)
  4 ufetubi (Gauntlet)
  An adder zombie (Ossuary)
  An adder skeleton (Crypt:2)
  3 dart slugs
  67 orcs
  4 ball pythons
  4 endoplasms
  8 giant cockroaches
  5 goblins
  12 hobgoblins
  5 quokkas
  8 bats
  3 frilled lizards
  3 jackal zombies
  10 kobolds
  An orc zombie (Ossuary)
  9 rats
  A rat skeleton (Crypt:1)
  A rat zombie (Ossuary)
  2 snaplasher vines
  A tentacle (Shoals:4)
1741 creatures vanquished.

Vanquished Creatures (collateral kills)
  Dissolution (Slime:3)
  3 dread liches
  5 ancient liches
  Khufu (Crypt:2)
  5 orbs of fire
  A juggernaut (Depths:3)
  A royal mummy (Crypt:2)
  The ghost of Roocroe the Impregnable, a veteran MiGl of Hepliaklqana (Crypt:2)
  7 Killer Klowns
  8 golden dragons
  A profane servitor (Crypt:3)
  2 bone dragons
  An electric golem (Zot:5)
  9 tentacled monstrosities
  20 Orb Guardians (Zot:5)
  A walking crystal tome (WizLab)
  3 liches
  A walking frostbound tome (Depths:2)
  6 titans
  An eldritch tentacle (Zot:5)
  2 quicksilver dragons
  4 death cobs
  A kraken (Shoals:4)
  An ancient champion (Crypt:3)
  15 acid blobs
  A tentacled starspawn (Abyss:4)
  4 tengu reavers
  5 storm dragons
  4 shadow dragons
  2 strange machines (WizLab)
  11 rockslimes
  3 draconian monks
  9 azure jellies
  2 revenants (Crypt:3)
  2 fire giants
  2 protean progenitors
  2 draconian shifters
  2 draconian knights
  2 frost giants
  An emperor scorpion (Spider:4)
  5 draconian scorchers
  6 vault wardens
  6 deep elf sorcerers
  An imperial myrmidon (Desolation)
  6 ghouls
  2 deep elf elementalists (Elf:3)
  2 draconian stormcallers
  4 ghost moths
  3 draconian annihilators
  10 ironbound preservers
  3 curse skulls
  8 quicksilver oozes
  11 stone giants
  An ironbound thunderhulk (Vaults:3)
  3 formless jellyfish
  4 very ugly things
  7 green draconians
  12 black draconians
  5 deep elf annihilators (Elf:3)
  2 vampire knights
  2 deep elf death magi
  A red draconian (Zot:1)
  7 white draconians
  3 dire elephants (Vaults:4)
  3 deep elf demonologists
  5 yellow draconians
  4 lorocyprocas
  3 purple draconians
  3 spark wasps
  A crystal guardian (Desolation)
  An eidolon (Crypt:2)
  An ettin (Depths:1)
  3 merfolk javelineers
  2 entropy weavers
  4 deep elf high priests (Elf:3)
  8 jiangshi
  2 ragged hierophants (Desolation)
  A fire dragon (Depths:4)
  8 great orbs of eyes
  5 yaktaur captains (Vaults:5)
  22 vault guards
  A hydra (Lair:4)
  A caustic shrike simulacrum (Abyss:4)
  4 servants of whispers (Desolation)
  9 rakshasas (WizLab)
  3 ice dragons
  2 death knights (Crypt:2)
  9 peacekeepers
  An ogre mage (Vaults:5)
  An ironbound frostheart (Vaults:2)
  A jorogumo (Spider:3)
  4 death yaks
  A hell beast (Depths:4)
  A merfolk avatar (Shoals:4)
  A catoblepas (Shoals:4)
  3 merfolk aquamancers
  An alligator snapping turtle (Shoals:4)
  A boulder beetle (D:12)
  2 two-headed ogres (Vaults:5)
  30 dancing weapons
  2 deep troll earth magi
  3 deep troll shamans
  An occultist (Abyss:4)
  A shock serpent (shapeshifter) (Vaults:5)
  4 vampire magi
  3 spriggan berserkers (Depths:3)
  A naga sharpshooter (Depths:3)
  4 deep elf knights
  A soul eater (Crypt:3)
  3 iron trolls
  3 wretched stars
  5 hell knights
  A titan skeleton (Crypt:3)
  5 shadow wraiths
  6 skeletal warriors
  6 glowing orange brains
  5 orb spiders
  2 flayed ghosts
  7 deep elf archers
  2 sea snakes (Shoals:2)
  25 deep trolls
  2 orange crystal statues
  12 ironbound convokers
  4 phantasmal warriors
  An arcanist (Vaults:2)
  A necromancer (Depths:3)
  3 bog bodies
  10 harpies
  2 steelbarb worms (Spider:2)
  2 orc knights
  An orc sorcerer (Orc:2)
  8 deep elf zephyrmancers
  A lindwurm (Vaults:3)
  6 shining eyes
  7 deep elf pyromancers
  3 wolf spiders
  A will-o-the-wisp (Abyss:4)
  6 ugly things
  2 cyclopes
  7 manticores
  5 fauns
  3 large abominations
  9 moths of wrath
  An apocalypse crab (Abyss:4)
  5 merfolk sirens
  A kobold blastminer (Orc:2)
  3 water nymphs
  3 meliai
  3 elephants (Lair:5)
  A moth of wrath (shapeshifter) (Elf:2)
  An eye of devastation (Slime:2)
  3 vault sentinels
  3 cane toads (Lair:5)
  A molten gargoyle (Desolation)
  3 freezing wraiths
  A kobold demonologist (D:12)
  2 unseen horrors (D:12)
  A komodo dragon (Lair:4)
  20 yaktaurs
  A troll (shapeshifter) (Depths:3)
  A guardian mummy (Crypt:3)
  2 harpy zombies (Crypt:3)
  7 merfolk
  A harpy skeleton (Crypt:3)
  A death drake zombie (Crypt:2)
  50 saltlings (Desolation)
  A troll (D:10)
  2 wind drakes
  A death drake skeleton (Crypt:1)
  3 tarantellas
  8 blink frogs
  3 hornets (Spider:4)
  A raiju (Abyss:4)
  5 dream sheep (Shoals:3)
  3 snapping turtles
  75 slime creatures
  10 culicivoras
  4 glass eyes
  6 hexers
  2 jumping spiders (Spider:4)
  A culicivora (shapeshifter) (Vaults:5)
  A guardian serpent skeleton (Crypt:1)
  2 air elementals
  7 wraiths
  A shadow (D:13)
  3 yaks
  2 vampires (Crypt:3)
  7 water elementals
  2 wyverns (Lair:3)
  7 golden eyes
  18 redbacks
  2 vampire mosquitoes
  A neqoxec (Abyss:4)
  A water nymph zombie (Crypt:2)
  A naga (Depths:3)
  An entropy weaver zombie (Vaults:5)
  2 moth of wrath simulacra (Zot:4)
  4 orc warriors
  A snapping turtle zombie (Crypt:3)
  7 laughing skulls
  3 ogres
  A human zombie (Vaults:5)
  5 wolves
  2 centaurs
  A blink frog skeleton (Crypt:2)
  An elf zombie (Crypt:3)
  A rime drake skeleton (Crypt:3)
  3 bullfrogs
  A weeping skull (Abyss:4)
  3 necrophages (Crypt:2)
  2 earth elementals
  A salamander skeleton (Crypt:1)
  2 small abominations (Abyss:4)
  A wight (D:10)
  A killer bee (D:9)
  A wolf zombie (Crypt:2)
  A howler monkey (D:9)
  6 orc priests
  3 starcursed masses
  2 orc wizards (Orc:2)
  10 mummies
  A gnoll (D:12)
  2 white imps (Abyss:4)
  An adder zombie (D:9)
  13 orcs
  3 kobolds (D:9)
  A frilled lizard skeleton (Crypt:3)
  A jackal zombie (D:9)
  An aspiring flesh (Zot:3)
  A snaplasher vine (Zot:5)
  A spectral weapon (Zot:3)
  A starspawn tentacle (Abyss:4)
  3 tentacles (Shoals:4)
995 creatures vanquished.

Vanquished Creatures (others)
  A Killer Klown (Zot:5)
  A golden dragon (Zot:5)
  A tentacled monstrosity (Zot:3)
  2 Orb Guardians (Zot:5)
  A quicksilver dragon (Vaults:5)
  A death cob (Zot:4)
  11 eldritch tentacles
  A storm dragon (Vaults:5)
  A draconian shifter (Zot:2)
  A draconian scorcher (Zot:4)
  3 vault wardens
  A draconian stormcaller (Zot:4)
  A draconian annihilator (Zot:2)
  2 red draconians
  A black draconian (Zot:2)
  A war gargoyle (Vaults:3)
  A purple draconian (Zot:2)
  5 vault guards
  A deep troll earth mage (Depths:2)
  A deep troll shaman (Depths:2)
  A deep elf knight (Elf:2)
  An iron troll (Depths:1)
  2 deep trolls
  An orb spider (Spider:4)
  An ironbound convoker (Vaults:4)
  A deep elf zephyrmancer (Elf:2)
  A moth of wrath (Zot:4)
  2 fauns
  2 water nymphs (Shoals:1)
  A manticore (Shoals:1)
  A starcursed mass (Abyss:4)
  3 yaktaurs
  A merfolk (Shoals:1)
  A wind drake (Shoals:3)
  A draconian simulacrum (Zot:4)
  A jumping spider (Spider:4)
  A redback (Spider:4)
  An earth elemental (Elf:3)
  2 ancestors (D:9)
  67 hexers
  8 foxfires
  32 snaplasher vines
  3 starspawn tentacles (Abyss:4)
  4 tentacles (Shoals:4)
177 creatures vanquished.

Grand Total: 2913 creatures vanquished

Table legend:
 A = Non-vault XP
 B = Vault XP
 C = Vault XP percentage of total XP
 D = Non-vault monster count
 E = Vault monster count
 F = Vault count percentage of total count
                 A         B        C        D         E       F
            +---------+---------+-------+---------+---------+-------
      Total |  934458 |  742482 |  44.3 |    1745 |     984 |  36.1
            +---------+---------+-------+---------+---------+-------
        D:1 |      34 |       0 |   0.0 |      18 |       0 |   0.0
        D:2 |      44 |       0 |   0.0 |      20 |       0 |   0.0
        D:3 |     157 |      78 |  33.2 |      22 |       4 |  15.4
        D:4 |     246 |     191 |  43.7 |      10 |       8 |  44.4
        D:5 |     414 |      17 |   3.9 |       9 |       2 |  18.2
        D:6 |    1158 |     412 |  26.2 |      24 |       2 |   7.7
        D:7 |    1299 |    2394 |  64.8 |      18 |      16 |  47.1
        D:8 |     894 |    3595 |  80.1 |      16 |       9 |  36.0
        D:9 |    2498 |    1508 |  37.6 |      24 |       9 |  27.3
       D:10 |    1319 |       0 |   0.0 |      11 |       0 |   0.0
       D:11 |    6976 |    4050 |  36.7 |      26 |       8 |  23.5
       D:12 |    8130 |    3788 |  31.8 |      30 |      24 |  44.4
       D:13 |    3631 |       0 |   0.0 |      18 |       0 |   0.0
       D:14 |    8156 |    3558 |  30.4 |      15 |       5 |  25.0
       D:15 |   14358 |    1732 |  10.8 |      38 |       2 |   5.0
     Lair:1 |    6850 |     632 |   8.4 |      28 |       2 |   6.7
     Lair:2 |    7155 |    2842 |  28.4 |      27 |       7 |  20.6
     Lair:3 |    6984 |    4347 |  38.4 |      29 |      15 |  34.1
     Lair:4 |    7589 |    5633 |  42.6 |      25 |      12 |  32.4
     Lair:5 |   19796 |   10721 |  35.1 |      47 |      40 |  46.0
   Shoals:1 |   15418 |    4695 |  23.3 |      32 |      10 |  23.8
   Shoals:2 |   12120 |    5259 |  30.3 |      26 |       7 |  21.2
   Shoals:3 |   10492 |       0 |   0.0 |      23 |       0 |   0.0
   Shoals:4 |   11263 |   21119 |  65.2 |      20 |      30 |  60.0
   Spider:1 |   22142 |    6597 |  23.0 |      55 |      15 |  21.4
   Spider:2 |   18016 |       0 |   0.0 |      47 |       0 |   0.0
   Spider:3 |   17774 |       0 |   0.0 |      39 |       0 |   0.0
   Spider:4 |   10075 |   26540 |  72.5 |      29 |      48 |  62.3
    Slime:1 |   17424 |   18358 |  51.3 |      40 |      22 |  35.5
    Slime:2 |   15529 |       0 |   0.0 |      33 |       0 |   0.0
    Slime:3 |   13462 |    6745 |  33.4 |      25 |       1 |   3.8
    Slime:4 |   14994 |       0 |   0.0 |      27 |       0 |   0.0
    Slime:5 |   14303 |   28560 |  66.6 |      26 |      28 |  51.9
      Orc:1 |    6473 |     392 |   5.7 |      34 |       2 |   5.6
      Orc:2 |    9596 |    5871 |  38.0 |      51 |      51 |  50.0
      Elf:1 |    9893 |    7816 |  44.1 |      19 |      11 |  36.7
      Elf:2 |   17073 |   28137 |  62.2 |      27 |      37 |  57.8
      Elf:3 |   11228 |   36685 |  76.6 |      20 |      34 |  63.0
   Vaults:1 |    7437 |    8250 |  52.6 |      12 |      12 |  50.0
   Vaults:2 |   38834 |   17157 |  30.6 |      56 |      21 |  27.3
   Vaults:3 |   17012 |   10716 |  38.6 |      27 |      18 |  40.0
   Vaults:4 |   41764 |    5527 |  11.7 |      53 |       6 |  10.2
   Vaults:5 |   36234 |  121187 |  77.0 |      56 |     103 |  64.8
    Crypt:1 |   27225 |       0 |   0.0 |      44 |       0 |   0.0
    Crypt:2 |   41104 |   12023 |  22.6 |      62 |       5 |   7.5
    Crypt:3 |   22766 |   31986 |  58.4 |      33 |      45 |  57.7
   Depths:1 |   45046 |    2035 |   4.3 |      54 |       3 |   5.3
   Depths:2 |   18159 |   21432 |  54.1 |      19 |      18 |  48.6
   Depths:3 |     591 |   78176 |  99.2 |       2 |      73 |  97.3
   Depths:4 |   36019 |   13140 |  26.7 |      42 |      13 |  23.6
      Zot:1 |   34822 |       0 |   0.0 |      28 |       0 |   0.0
      Zot:2 |   49549 |       0 |   0.0 |      43 |       0 |   0.0
      Zot:3 |   43919 |    7125 |  14.0 |      29 |       2 |   6.5
      Zot:4 |   49928 |    4320 |   8.0 |      44 |       6 |  12.0
      Zot:5 |   32215 |   91812 |  74.0 |      22 |      39 |  63.9
    Abyss:3 |   10177 |       0 |   0.0 |      20 |       0 |   0.0
    Abyss:4 |   36694 |       0 |   0.0 |      71 |       0 |   0.0
    Ossuary |       0 |     416 | 100.0 |       0 |      16 | 100.0
     WizLab |       0 |   20336 | 100.0 |       0 |      23 | 100.0
 Desolation |       0 |   51192 | 100.0 |       0 |     112 | 100.0
   Gauntlet |       0 |    3380 | 100.0 |       0 |       8 | 100.0
            +---------+---------+-------+---------+---------+-------

Skill      XL: |  1  2  3  4  5  6  7  8  9 10 11 12 13 14 15 16 17 18 19 20 21 22 23 24 25 26 27 |
---------------+----------------------------------------------------------------------------------+-----
Stealth        | 5 6 7 8 11 15 16 20 | 20.0
Short Blades   | 2 3 4 5 7 10 | 10.0
Hexes          | 5 7 8 10 16 18 19 20 | 20.0
Spellcasting   | 3 4 5 6 7 10 11 13 14 15 16 18 19 20 | 20.0
Shields        | 1 5 |  5.0
Fighting       | 3 5 8 10 12 14 15 16 18 20 | 20.0
Dodging        | 5 8 10 12 15 16 19 20 | 20.0
Translocations | 2 5 6 8 10 | 10.0
Summonings     | 9 13 14 15 17 18 19 22 24 | 24.0
Armour         | 5 9 10 11 14 | 14.1
Invocations    | 4 |  4.0
Shapeshifting  | 12 16 | 16.0

Action                     |  1- 3 |  4- 6 |  7- 9 | 10-12 | 13-15 | 16-18 | 19-21 | 22-24 | 25-27 || total
---------------------------+-------+-------+-------+-------+-------+-------+-------+-------+-------++-------
  Melee: Dagger            |    83 |    17 |       |       |       |       |       |       |       ||   100
         Bite              |     6 |     5 |    30 |    76 |   224 |   154 |   233 |   386 |   220 ||  1334
         Short sword       |       |    51 |   256 |   243 |       |       |       |       |       ||   550
         Punch             |       |     1 |       |       |       |       |       |       |       ||     1
         Quick blade       |       |       |       |   246 |  1358 |   972 |  1187 |  1776 |  1034 ||  6573
   Cast: Ensorcelled Hiber |    28 |    23 |    47 |   113 |   186 |   160 |   124 |    45 |     4 ||   730
         Confusing Touch   |     1 |     1 |    18 |    31 |    45 |    13 |    10 |     1 |       ||   120
         Dazzling Flash    |       |       |       |    14 |     9 |     5 |       |       |       ||    28
         Enfeeble          |       |       |       |       |       |    86 |    51 |   114 |   124 ||   375
         Summon Mana Viper |       |       |       |       |       |    50 |    59 |    52 |    21 ||   182
         Summon Forest     |       |       |       |       |       |    35 |    48 |    43 |    29 ||   155
         Anguish           |       |       |       |       |       |    11 |    19 |     4 |     1 ||    35
         Yara's Violent Un |       |       |       |       |       |     5 |     2 |     2 |     3 ||    12
         Blink             |       |       |       |       |       |     1 |     1 |       |       ||     2
         Malign Gateway    |       |       |       |       |       |       |     4 |     4 |     4 ||    12
         Summon Horrible T |       |       |       |       |       |       |       |     8 |       ||     8
         Dragon's Call     |       |       |       |       |       |       |       |     3 |     9 ||    12
         Discord           |       |       |       |       |       |       |       |       |    31 ||    31
 Invoke: Recall Ancestor   |       |       |       |     1 |     3 |       |     2 |     4 |    10 ||    20
         Ancestor Life: He |       |       |       |     1 |       |       |       |       |       ||     1
         Transference      |       |       |       |       |     2 |       |       |       |       ||     2
  Evoke: Wand              |       |     9 |     1 |    13 |    26 |     1 |       |       |     1 ||    51
    Use: Potion            |     1 |       |       |     6 |     5 |    11 |    10 |     2 |    15 ||    50
         Scroll            |       |       |       |    19 |    22 |    16 |    13 |    16 |    15 ||   101
   Stab: Sleeping          |    36 |    17 |    43 |    72 |    96 |   108 |    80 |    35 |    15 ||   502
         Confused          |       |     1 |    17 |    31 |    88 |    33 |    67 |    62 |    19 ||   318
         Invisible         |       |       |       |    14 |    16 |    53 |    48 |    96 |    94 ||   321
         Distracted        |       |       |       |     2 |    26 |    13 |    19 |    25 |    11 ||    96
         Paralysed         |       |       |       |       |    40 |    39 |    59 |    61 |    31 ||   230
 Armour: Robe              |    18 |       |       |       |       |       |       |       |       ||    18
         Leather armour    |    28 |    68 |    36 |       |       |     9 |   334 |       |       ||   475
         Steam dragon scal |       |       |    81 |   107 |       |       |       |       |       ||   188
         Acid dragon scale |       |       |       |    99 |   288 |   468 |       |    42 |   384 ||  1281
         Scale mail        |       |       |       |       |    75 |       |    72 |   138 |       ||   285
         Quicksilver drago |       |       |       |       |       |       |       |   155 |       ||   155
         Skin              |       |       |       |       |       |       |       |   458 |       ||   458
  Dodge: Dodged            |    54 |    59 |   152 |   267 |   555 |   732 |   555 |   845 |   416 ||  3635
  Block: Buckler           |       |       |    49 |    98 |   449 |   146 |       |       |       ||   742
         Reflection        |       |       |       |       |    10 |     1 |       |       |       ||    11
         Other             |       |       |       |       |       |     2 |       |       |       ||     2
   Form: Statue            |       |       |       |       |       |       |       |     1 |       ||     1
                           |       |       |       |       |       |       |       |     1 |       ||     1

Illustrated notes

Table legend:
 A = Kills in this place as a percentage of kills in the entire game.
 B = Kills by you in this place as a percentage of kills by you in the entire game.
 C = Kills by friends in this place as a percentage of kills by friends in the entire game.
 D = Other kills in this place as a percentage of other kills in the entire game.
 E = Experience gained in this place as a percentage of experience gained in the entire game.
 F = Experience gained in this place divided by the number of levels of this place that you have seen.
                   A       B       C       D       E      F
               +-------+-------+-------+-------+-------+----------------------
         Total | 100.0 | 100.0 | 100.0 | 100.0 | 100.0 | 26661.3
       Dungeon |  14.3 |  21.5 |   3.2 |   0.9 |   4.4 | 4877.3
          Lair |   8.5 |  12.0 |   3.3 |   0.9 |   4.3 | 14509.8
        Shoals |   5.4 |   4.6 |   6.3 |   9.3 |   4.8 | 20091.5
   Spider Nest |   8.5 |  10.7 |   5.2 |   4.7 |   6.0 | 25286.0
    Slime Pits |   7.4 |   4.7 |  12.4 |   4.7 |   7.7 | 25875.0
  Orcish Mines |   5.1 |   6.6 |   2.8 |   1.9 |   1.3 | 11166.0
   Elven Halls |   5.4 |   4.1 |   7.9 |   2.8 |   6.6 | 36944.0
        Vaults |  13.3 |  10.3 |  16.5 |  30.8 |  18.1 | 60823.6
         Crypt |   6.9 |   5.4 |   9.5 |   7.5 |   8.0 | 45034.7
        Depths |   8.2 |   9.0 |   6.4 |  12.1 |  12.8 | 53699.8
           Zot |   7.8 |   3.9 |  13.4 |  17.8 |  18.7 | 62738.0
         Abyss |   3.3 |   3.1 |   3.7 |   3.7 |   2.8 | 23435.5
       Ossuary |   0.6 |   0.8 |   0.0 |   2.8 |   0.0 | 416.0
        Wizlab |   0.8 |   0.3 |   1.9 |   0.0 |   1.2 | 20336.0
    Desolation |   4.1 |   2.5 |   7.4 |   0.0 |   3.0 | 51192.0
      Gauntlet |   0.3 |   0.5 |   0.0 |   0.0 |   0.2 | 3380.0
               +-------+-------+-------+-------+-------+----------------------

Table legend: (Time is in decaauts)
 A = Elapsed time spent in this place.
 B = Non-inter-level travel time spent in this place.
 C = Inter-level travel time spent in this place.
 D = Time resting spent in this place.
 E = Time spent auto-exploring this place.
 F = Levels seen in this place.
 G = Mean time per level.
                   A        B        C        D        E       F      G
               +--------+--------+--------+--------+--------+-----+--------+
         Total |  83985 |  74914 |   9071 |  15033 |  45104 |  63 | 1333.1 |
       Dungeon |  19304 |  15544 |   3760 |   2468 |  10184 |  15 | 1286.9 |
        Temple |      1 |      1 |      0 |      0 |      0 |   1 |    1.0 |
          Lair |   8149 |   7426 |    723 |   1743 |   4374 |   5 | 1629.8 |
        Shoals |   4954 |   4651 |    303 |    596 |   3216 |   4 | 1238.5 |
   Spider Nest |   5289 |   4951 |    338 |   1567 |   2319 |   4 | 1322.2 |
    Slime Pits |   4082 |   3616 |    466 |    367 |   2693 |   5 |  816.4 |
  Orcish Mines |   2185 |   1915 |    270 |    441 |    914 |   2 | 1092.5 |
   Elven Halls |   7809 |   7181 |    628 |   2803 |   3268 |   3 | 2603.0 |
        Vaults |   9072 |   8048 |   1024 |   1352 |   5352 |   5 | 1814.4 |
         Crypt |   4554 |   4245 |    309 |    270 |   2912 |   3 | 1518.0 |
        Depths |   7882 |   7280 |    602 |   1240 |   4757 |   4 | 1970.5 |
           Zot |   6104 |   5463 |    641 |   1223 |   3290 |   5 | 1220.8 |
         Abyss |   1037 |   1037 |      0 |    198 |    101 |   2 |  518.5 |
         Trove |     32 |     32 |      0 |      0 |      0 |   1 |   32.0 |
       Ossuary |    380 |    380 |      0 |      0 |    217 |   1 |  380.0 |
        Wizlab |    540 |    540 |      0 |     84 |    256 |   1 |  540.0 |
    Desolation |   1948 |   1948 |      0 |    569 |    957 |   1 | 1948.0 |
      Gauntlet |    655 |    655 |      0 |    107 |    290 |   1 |  655.0 |
               +--------+--------+--------+--------+--------+-----+--------+

Top non-repeatable levels by time:
   Elf:3: 3316 daAuts
   Elf:2: 2461 daAuts
Depths:2: 2383 daAuts
Depths:3: 2274 daAuts
Vaults:5: 2252 daAuts
Vaults:4: 2221 daAuts
  Lair:5: 2091 daAuts
   Elf:1: 2031 daAuts
Desolation: 1948 daAuts
  Lair:2: 1918 daAuts
 Slime:5: 1823 daAuts
    D:15: 1802 daAuts
Depths:1: 1786 daAuts
    D:14: 1732 daAuts
Spider:1: 1716 daAuts
